Workbook
Name acceptable_use_policy: Disclaimer!#REF!
Name general_tc: Disclaimer!$A$61
Name privacy_policy: Disclaimer!$A$136

Sheet Disclaimer
A1: Disclaimer - Important notices
A4: (i) The Product Information displayed on this Site has been uploaded by the Issuers of the relevant Products. None of the information displayed on this Site shall form the basis of any contract. Any User of this Site will be required to acknowledge that it has not relied on, or been induced to enter into any contract by, any representation or warranty.
A5: (ii) The Covered Bond Label Foundation has not independently verified the Product Information displayed on this Site. Accordingly, no representation, warranty or undertaking, express or implied, is made, and no responsibility is accepted, by the Covered Bond Label Foundation as to or in relation to the accuracy or completeness or otherwise of such Product Information."
A6: (iii) The information provided on or accessible through the Site is not intended for distribution to, or use by, any person or entity in any jurisdiction where such distribution or use would be contrary to local law, or which would subject us or any Issuer, to any authorisation, registration or other requirement within such jurisdiction. You agree not to use or export the information or materials available on or through this Site in violation of laws in your jurisdiction.
A8: TERMS OF USE
A9: This website www.coveredbondlabel.com (the "Site") is owned and operated by the Covered Bond Label Foundation (the Covered Bond Label Foundation together with its affiliates, "we" or "us") a Private Foundation (fondation privée / private stichting) registered in Belgium; whose registered office is at Rue de la Science 14 - 1040 Brussels - Belgium and registered under number 500.950.659 (RPR/RPM Brussels).
A10: The Site is intended for use as a directory of information relating to certain covered bond products ("Products") (the "Product Information") by an issuer of ("Issuer"), or potential investor in ("Investor"), such Products (an Issuer, Investor, or any other person accessing this Site, each a "User" or "you"). The Product Information is provided by each relevant Issuer, and remains at all times the sole responsibility of the relevant Issuer. We have not independently verified any Product Information, nor reviewed whether any Product for which information is available on the Site actually is a covered bond product. This Site or any label made available through it does not constitute, nor contain, any form of credit rating, any offer to sell (or the solicitation of an offer to purchase) any Product, nor does it constitute a recommendation, or investment advice (or any other type of advice) upon which reliance should be placed.
A11: These terms and conditions together with the documents referred to in them set out the terms of use ("T&Cs") on which (a) an Issuer; (b) Investor; or (c) any other User, may make use of the Site. Section A applies primarily to Investors, and Section B applies primarily to Issuers. The General T&Cs in Section C apply to all Users.
A12: Our Acceptable Use Policy and Privacy Policy are incorporated into these T&Cs.
A13: Please read the T&Cs carefully before you start to use the Site. By clicking 'Accept' you indicate that you accept these T&Cs and that you agree to abide by them.
A14: If any provision of these T&Cs shall be deemed unlawful, void or for any reason unenforceable, then that provision shall be deemed severable from these terms and shall not affect the validity and enforceability of any remaining provisions.
A16: SECTION A. INVESTOR T&Cs
... A169: If you have any questions about this policy, the collection and use of your personal information or other privacy-specific concerns please contact us by clicking on Contact Us .

Sheet Introduction
F5: Harmonised Transparency Template
D6: 2024 Version
F7: Denmark
F8: Realkredit Danmark
F9: Reporting Date: | H9: 45952
F10: Cut-off Date: | H10: 45382
F22: Index
D24: Worksheet A: HTT General | E24: Tab 1: Harmonised Transparency Template
D26: Worksheet B1: HTT Mortgage Assets
D28: Worksheet B2: HTT Public Sector Assets | E28: Tab 1: Harmonised Transparency Template
D30: Worksheet B3: HTT Shipping Assets | E30: Tab 1: Harmonised Transparency Template
D32: Worksheet C: HTT Harmonised Glossary | E32: Tab 1: Harmonised Transparency Template
D34: Covered Bond Label Disclaimer | E34: Tab 1: Harmonised Transparency Template
D36: Worksheet D & Onwards (If Any): National Transparency Template
D38: Worksheet E: Optional ECB-ECAIs data
D40: Worksheet F1: Sustainable M data | E40: Tab 1: Harmonised Transparency Template
D42: Worksheet G1. Crisis M Payment Holidays

Sheet A. HTT General
A1: A. Harmonised Transparency Template - General Information | F1: HTT 2024
B3: Reporting in Domestic Currency | C3: DKK
B5: CONTENT OF TAB A
B6: 1. Basic Facts
B7: 2. Regulatory Summary
B8: 3. General Cover Pool / Covered Bond Information | F8: `
B9: 4. Compliance Art 14 CBD Check Table
B10: 5. References to Capital Requirements Regulation (CRR) 129(1)
B11: 6. Other relevant information
A13: Field Number | B13: 1. Basic Facts
A14: G.1.1.1 | B14: Country | C14: Denmark
A15: G.1.1.2 | B15: Issuer Name | C15: Realkredit Danmark
A16: G.1.1.3 | B16: Labelled Cover Pool Name | C16: Capital Centre T
A17: G.1.1.4 | B17: Link to Issuer's Website | C17: www.rd.dk
A18: G.1.1.5 | B18: Cut-off date | C18: 45382
A19: OG.1.1.2 | B19: Optional information e.g. Contact names
A20: OG.1.1.3 | B20: Optional information e.g. Parent name
A21: OG.1.1.4
A22: OG.1.1.5
A23: OG.1.1.6
A24: OG.1.1.7
A25: OG.1.1.8
B26: 2. Regulatory Summary
A27: G.2.1.1 | B27: Basel Compliance, subject to national jursdiction (Y/N) | C27: Y
A28: G.2.1.2 | B28: CBD Compliance | C28: Y | M28: Y
A29: G.2.1.3 | B29: CRR Compliance (Y/N) | C29: Y | M29: N
A30: OG.2.1.1 | B30: LCR status | C30: https://www.coveredbondlabel.com/issuer/4-realkredit-danmark-a-s | M30: Non-EEA, Art 14 CBD compliant
A31: OG.2.1.2
A32: OG.2.1.3
A33: OG.2.1.4
A34: OG.2.1.5
A35: OG.2.1.6
B36: 3. General Cover Pool / Covered Bond Information
B37: 1.General Information | C37: Nominal (mn)
A38: G.3.1.1 | B38: Total Cover Assets | C38: 479542
A39: G.3.1.2 | B39: Outstanding Covered Bonds | C39: 449485
A40: OG.3.1.1 | B40: Cover Pool Size [NPV] (mn)
A41: OG.3.1.2 | B41: Outstanding Covered Bonds [NPV] (mn)
A42: OG.3.1.3
A43: OG.3.1.4
B44: 2. Over-collateralisation (OC) | C44: Statutory | D44: Voluntary | F44: Contractual | G44: Purpose
A45: G.3.2.1 | B45: OC (%) | C45: 0.02 | D45: =IF(OR(C38="[For completion]",C39="[For completion]"),"Please complete G.3.1.1 and G.3.1.2",(C38/C39-1-MAX(C45,F45))) -> 0.046869862
A47: G.3.2.3 | B47: Total OC (absolute value in mn) | C47: =IF(OR(C38="[For completion]",C39="[For completion]"),"", C38-C39) -> 30057
A48: OG.3.2.1
A49: OG.3.2.2 | B49: Optional information e.g. Asset Coverage Test (ACT)
A50: OG.3.2.3 | B50: Optional information e.g. OC (NPV basis)
A51: OG.3.2.4
B52: 3. Cover Pool Composition | C52: Nominal (mn) | F52: % Cover Pool
A53: G.3.3.1 | B53: Mortgages | C53: 449485 | F53: =IF($C$58=0,"",IF(C53="[for completion]","",C53/$C$58)) -> 0.9373234
A54: G.3.3.2 | B54: Public Sector | F54: =IF($C$58=0,"",IF(C54="[for completion]","",C54/$C$58)) -> 0
A55: G.3.3.3 | B55: Shipping | F55: =IF($C$58=0,"",IF(C55="[for completion]","",C55/$C$58)) -> 0
A56: G.3.3.4 | B56: Substitute Assets | C56: 30056 | F56: =IF($C$58=0,"",IF(C56="[for completion]","",C56/$C$58)) -> 0.062676601
A57: G.3.3.5 | B57: Other | F57: =IF($C$58=0,"",IF(C57="[for completion]","",C57/$C$58)) -> 0
A58: G.3.3.6 | B58: Total | C58: =SUM(C53:C57) -> 479541 | F58: =SUM(F53:F57) -> 1
A59: OG.3.3.1 | B59: o/w [If relevant, please specify] | F59: =IF($C$58=0,"",IF(C59="[for completion]","",C59/$C$58)) -> 0
A60: OG.3.3.2 | B60: o/w [If relevant, please specify] | F60: =IF($C$58=0,"",IF(C60="[for completion]","",C60/$C$58)) -> 0
A61: OG.3.3.3 | B61: o/w [If relevant, please specify] | F61: =IF($C$58=0,"",IF(C61="[for completion]","",C61/$C$58)) -> 0
A62: OG.3.3.4 | B62: o/w [If relevant, please specify] | F62: =IF($C$58=0,"",IF(C62="[for completion]","",C62/$C$58)) -> 0
A63: OG.3.3.5 | B63: o/w [If relevant, please specify] | F63: =IF($C$58=0,"",IF(C63="[for completion]","",C63/$C$58)) -> 0
A64: OG.3.3.6 | B64: o/w [If relevant, please specify] | F64: =IF($C$58=0,"",IF(C64="[for completion]","",C64/$C$58)) -> 0
B65: 4. Cover Pool Amortisation Profile | C65: Contractual | D65: Expected Upon Prepayments | F65: % Total Contractual | G65: % Total Expected Upon Prepayments
A66: G.3.4.1 | B66: Weighted Average Life (in years) | C66: 22
B68: Residual Life (mn)
B69: By buckets:
A70: G.3.4.2 | B70: 0 - 1 Y | C70: 11111 | F70: =IF($C$77=0,"",IF(C70="[for completion]","",C70/$C$77)) -> 0.023169976 | G70: =IF($D$77=0,"",IF(D70="[Mark as ND1 if not relevant]","",D70/$D$77))
A71: G.3.4.3 | B71: 1 - 2 Y | C71: 12653 | F71: =IF($C$77=0,"",IF(C71="[for completion]","",C71/$C$77)) -> 0.026385538 | G71: =IF($D$77=0,"",IF(D71="[Mark as ND1 if not relevant]","",D71/$D$77))
A72: G.3.4.4 | B72: 2 - 3 Y | C72: 4541 | F72: =IF($C$77=0,"",IF(C72="[for completion]","",C72/$C$77)) -> 0.0094694324 | G72: =IF($D$77=0,"",IF(D72="[Mark as ND1 if not relevant]","",D72/$D$77))
A73: G.3.4.5 | B73: 3 - 4 Y | C73: 5801 | F73: =IF($C$77=0,"",IF(C73="[for completion]","",C73/$C$77)) -> 0.012096934 | G73: =IF($D$77=0,"",IF(D73="[Mark as ND1 if not relevant]","",D73/$D$77))
A74: G.3.4.6 | B74: 4 - 5 Y | C74: 6490 | F74: =IF($C$77=0,"",IF(C74="[for completion]","",C74/$C$77)) -> 0.013533719 | G74: =IF($D$77=0,"",IF(D74="[Mark as ND1 if not relevant]","",D74/$D$77))
A75: G.3.4.7 | B75: 5 - 10 Y | C75: 20607 | F75: =IF($C$77=0,"",IF(C75="[for completion]","",C75/$C$77)) -> 0.042972163 | G75: =IF($D$77=0,"",IF(D75="[Mark as ND1 if not relevant]","",D75/$D$77))
A76: G.3.4.8 | B76: 10+ Y | C76: 418340 | F76: =IF($C$77=0,"",IF(C76="[for completion]","",C76/$C$77)) -> 0.87237224 | G76: =IF($D$77=0,"",IF(D76="[Mark as ND1 if not relevant]","",D76/$D$77))
A77: G.3.4.9 | B77: Total | C77: =SUM(C70:C76) -> 479543 | D77: =SUM(D70:D76) -> 0 | F77: =SUM(F70:F76) -> 1 | G77: =SUM(G70:G76) -> 0
A78: OG.3.4.1 | B78: o/w 0-1 day | F78: =IF($C$77=0,"",IF(C78="[for completion]","",C78/$C$77)) -> 0 | G78: =IF($D$77=0,"",IF(D78="[for completion]","",D78/$D$77))
A79: OG.3.4.2 | B79: o/w 0-0.5y | F79: =IF($C$77=0,"",IF(C79="[for completion]","",C79/$C$77)) -> 0 | G79: =IF($D$77=0,"",IF(D79="[for completion]","",D79/$D$77))
A80: OG.3.4.3 | B80: o/w 0.5-1 y | F80: =IF($C$77=0,"",IF(C80="[for completion]","",C80/$C$77)) -> 0 | G80: =IF($D$77=0,"",IF(D80="[for completion]","",D80/$D$77))
A81: OG.3.4.4 | B81: o/w 1-1.5y | F81: =IF($C$77=0,"",IF(C81="[for completion]","",C81/$C$77)) -> 0 | G81: =IF($D$77=0,"",IF(D81="[for completion]","",D81/$D$77))
A82: OG.3.4.5 | B82: o/w 1.5-2 y | F82: =IF($C$77=0,"",IF(C82="[for completion]","",C82/$C$77)) -> 0 | G82: =IF($D$77=0,"",IF(D82="[for completion]","",D82/$D$77))
A83: OG.3.4.6
A84: OG.3.4.7
A85: OG.3.4.8
A86: OG.3.4.9 | F86: =IF($C$77=0,"",IF(C86="[for completion]","",C86/$C$77)) -> 0 | G86: =IF($D$77=0,"",IF(D86="[for completion]","",D86/$D$77))
A87: OG.3.4.10 | F87: =IF($C$77=0,"",IF(C87="[for completion]","",C87/$C$77)) -> 0 | G87: =IF($D$77=0,"",IF(D87="[for completion]","",D87/$D$77))
B88: 5. Maturity of Covered Bonds | C88: Initial Maturity | D88: Extended Maturity | F88: % Total Initial Maturity | G88: % Total Extended Maturity
A89: G.3.5.1 | B89: Weighted Average life (in years) | C89: 2
B91: Maturity (mn)
A92: G.3.5.2 | B92: By buckets:
A93: G.3.5.3 | B93: 0 - 1 Y | C93: 110941 | F93: =IF($C$100=0,"",IF(C93="[for completion]","",IF(C93="","",C93/$C$100))) -> 0.24681748 | G93: =IF($D$100=0,"",IF(D93="[Mark as ND1 if not relevant]","",IF(D93="","",D93/$D$100)))
A94: G.3.5.4 | B94: 1 - 2 Y | C94: 120055 | F94: =IF($C$100=0,"",IF(C94="[for completion]","",IF(C94="","",C94/$C$100))) -> 0.26709397 | G94: =IF($D$100=0,"",IF(D94="[Mark as ND1 if not relevant]","",IF(D94="","",D94/$D$100)))
A95: G.3.5.5 | B95: 2 - 3 Y | C95: 118035 | F95: =IF($C$100=0,"",IF(C95="[for completion]","",IF(C95="","",C95/$C$100))) -> 0.26259995 | G95: =IF($D$100=0,"",IF(D95="[Mark as ND1 if not relevant]","",IF(D95="","",D95/$D$100)))
A96: G.3.5.6 | B96: 3 - 4 Y | C96: 61751 | F96: =IF($C$100=0,"",IF(C96="[for completion]","",IF(C96="","",C96/$C$100))) -> 0.13738136 | G96: =IF($D$100=0,"",IF(D96="[Mark as ND1 if not relevant]","",IF(D96="","",D96/$D$100)))
A97: G.3.5.7 | B97: 4 - 5 Y | C97: 20116 | F97: =IF($C$100=0,"",IF(C97="[for completion]","",IF(C97="","",C97/$C$100))) -> 0.04475334 | G97: =IF($D$100=0,"",IF(D97="[Mark as ND1 if not relevant]","",IF(D97="","",D97/$D$100)))
A98: G.3.5.8 | B98: 5 - 10 Y | C98: 18237 | F98: =IF($C$100=0,"",IF(C98="[for completion]","",IF(C98="","",C98/$C$100))) -> 0.04057301 | G98: =IF($D$100=0,"",IF(D98="[Mark as ND1 if not relevant]","",IF(D98="","",D98/$D$100)))
A99: G.3.5.9 | B99: 10+ Y | C99: 351 | F99: =IF($C$100=0,"",IF(C99="[for completion]","",IF(C99="","",C99/$C$100))) -> 0.00078089195 | G99: =IF($D$100=0,"",IF(D99="[Mark as ND1 if not relevant]","",IF(D99="","",D99/$D$100)))
A100: G.3.5.10 | B100: Total | C100: =SUM(C93:C99) -> 449486 | D100: =SUM(D93:D99) -> 0 | F100: =SUM(F93:F99) -> 1 | G100: =SUM(G93:G99) -> 0
A101: OG.3.5.1 | B101: o/w 0-1 day | F101: =IF($C$100=0,"",IF(C101="[for completion]","",C101/$C$100)) -> 0 | G101: =IF($D$100=0,"",IF(D101="[for completion]","",D101/$D$100))
A102: OG.3.5.2 | B102: o/w 0-0.5y | F102: =IF($C$100=0,"",IF(C102="[for completion]","",C102/$C$100)) -> 0 | G102: =IF($D$100=0,"",IF(D102="[for completion]","",D102/$D$100))
A103: OG.3.5.3 | B103: o/w 0.5-1 y | F103: =IF($C$100=0,"",IF(C103="[for completion]","",C103/$C$100)) -> 0 | G103: =IF($D$100=0,"",IF(D103="[for completion]","",D103/$D$100))
A104: OG.3.5.4 | B104: o/w 1-1.5y | F104: =IF($C$100=0,"",IF(C104="[for completion]","",C104/$C$100)) -> 0 | G104: =IF($D$100=0,"",IF(D104="[for completion]","",D104/$D$100))
A105: OG.3.5.5 | B105: o/w 1.5-2 y | F105: =IF($C$100=0,"",IF(C105="[for completion]","",C105/$C$100)) -> 0 | G105: =IF($D$100=0,"",IF(D105="[for completion]","",D105/$D$100))
A106: OG.3.5.6
...

Sheet B1. HTT Mortgage Assets
A1: B1. Harmonised Transparency Template - Mortgage Assets | F1: HTT 2024
B3: Reporting in Domestic Currency | C3: DKK
B5: CONTENT OF TAB B1
B6: 7. Mortgage Assets
B7: 7.A Residential Cover Pool
B8: 7.B Commercial Cover Pool
A10: Field Number | B10: 7. Mortgage Assets
B11: 1. Property Type Information | C11: Nominal (mn) | F11: % Total Mortgages
A12: M.7.1.1 | B12: Residential | C12: 313075.6 | F12: =IF($C$15=0,"",IF(C12="[for completion]","",C12/$C$15)) -> 0.69649899
A13: M.7.1.2 | B13: Commercial | C13: 136152 | F13: =IF($C$15=0,"",IF(C13="[for completion]","",C13/$C$15)) -> 0.30289723
A14: M.7.1.3 | B14: Other | C14: 271.4 | F14: =IF($C$15=0,"",IF(C14="[for completion]","",C14/$C$15)) -> 0.00060378332
A15: M.7.1.4 | B15: Total | C15: =SUM(C12:C14) -> 449499 | F15: =SUM(F12:F14) -> 1
A16: OM.7.1.1 | B16: Owner-occupied homes | C16: 228965 | F16: =IF($C$15=0,"",IF(C16="[for completion]","",C16/$C$15)) -> 0.50937822
A17: OM.7.1.2 | B17: Holiday houses | C17: 12029 | F17: =IF($C$15=0,"",IF(C17="[for completion]","",C17/$C$15)) -> 0.026760905
A18: OM.7.1.3 | B18: Subsidised Housing | C18: 2060.6 | F18: =IF($C$15=0,"",IF(C18="[for completion]","",C18/$C$15)) -> 0.0045842149
A19: OM.7.1.4 | B19: Cooperative Housing | C19: 6642.5 | F19: =IF($C$15=0,"",IF(C19="[for completion]","",C19/$C$15)) -> 0.014777563
A20: OM.7.1.5 | B20: Private rental | C20: 70021 | F20: =IF($C$15=0,"",IF(C20="[for completion]","",C20/$C$15)) -> 0.15577565
A21: OM.7.1.6 | B21: Manufacturing and Manual Industries | C21: 16543 | F21: =IF($C$15=0,"",IF(C21="[for completion]","",C21/$C$15)) -> 0.036803196
A22: OM.7.1.7 | B22: Office and Business | C22: 73484 | F22: =IF($C$15=0,"",IF(C22="[for completion]","",C22/$C$15)) -> 0.16347979
A23: OM.7.1.8 | B23: Agricultur | C23: 31715 | F23: =IF($C$15=0,"",IF(C23="[for completion]","",C23/$C$15)) -> 0.07055633
A24: OM.7.1.9 | B24: Social and cultural purpose | C24: 7767.5 | F24: =IF($C$15=0,"",IF(C24="[for completion]","",C24/$C$15)) -> 0.01728035
A25: OM.7.1.10 | B25: Other | C25: 271.4 | F25: =IF($C$15=0,"",IF(C25="[for completion]","",C25/$C$15)) -> 0.00060378332
A26: OM.7.1.11 | F26: =IF($C$15=0,"",IF(C26="[for completion]","",C26/$C$15)) -> 0
B27: 2. General Information | C27: Residential Loans | D27: Commercial Loans | F27: Total Mortgages
A28: M.7.2.1 | B28: Number of mortgage loans | C28: 173675 | D28: 14696 | F28: =IF(AND(C28="[For completion]",D28="[For completion]"),"[For completion]",SUM(C28:D28)) -> 188371
A29: OM.7.2.1 | B29: Optional information eg, Number of borrowers
A30: OM.7.2.2 | B30: Optional information eg, Number of guarantors
A31: OM.7.2.3
A32: OM.7.2.4
A33: OM.7.2.5
A34: OM.7.2.6
B35: 3. Concentration Risks | C35: % Residential Loans | D35: % Commercial Loans | F35: % Total Mortgages
A36: M.7.3.1 | B36: 10 largest exposures | C36: 0.0144 | D36: 0.0666 | F36: 0.0202
A37: OM.7.3.1
A38: OM.7.3.2
A39: OM.7.3.3
A40: OM.7.3.4
A41: OM.7.3.5
A42: OM.7.3.6
B43: 4. Breakdown by Geography | C43: % Residential Loans | D43: % Commercial Loans | F43: % Total Mortgages
A44: M.7.4.1 | B44: European Union | C44: =SUM(C45:C71) -> 0.99536168 | D44: =SUM(D45:D71) -> 0.97079655 | F44: =SUM(F45:F71) -> 0.98791649
A45: M.7.4.2 | B45: Austria
A46: M.7.4.3 | B46: Belgium
A47: M.7.4.4 | B47: Bulgaria
A48: M.7.4.5 | B48: Croatia
A49: M.7.4.6 | B49: Cyprus
A50: M.7.4.7 | B50: Czechia
A51: M.7.4.8 | B51: Denmark | C51: 0.98989535 | D51: 0.90072079 | F51: 0.96286835
A52: M.7.4.9 | B52: Estonia
A53: M.7.4.10 | B53: Finland
A54: M.7.4.11 | B54: France
A55: M.7.4.12 | B55: Germany
A56: M.7.4.13 | B56: Greece
A57: M.7.4.14 | B57: Netherlands
A58: M.7.4.15 | B58: Hungary
A59: M.7.4.16 | B59: Ireland
A60: M.7.4.17 | B60: Italy
A61: M.7.4.18 | B61: Latvia
A62: M.7.4.19 | B62: Lithuania
A63: M.7.4.20 | B63: Luxembourg
... A70: M.7.4.27 | B70: Spain
A71: M.7.4.28 | B71: Sweden | C71: 0.0054663312 | D71: 0.070075762 | F71: 0.025048138
A72: M.7.4.29 | B72: European Economic Area (not member of EU) | C72: =SUM(C73:C75) -> 0.0046383228 | D72: =SUM(D73:D75) -> 0.029203449 | F72: =SUM(F73:F75) -> 0.012083514
A73: M.7.4.30 | B73: Iceland
A74: M.7.4.31 | B74: Liechtenstein
A75: M.7.4.32 | B75: Norway | C75: 0.0046383228 | D75: 0.029203449 | F75: 0.012083514
A76: M.7.4.33 | B76: Other | C76: =SUM(C77:C87) -> 0 | D76: =SUM(D77:D87) -> 0 | F76: =SUM(F77:F87) -> 0
A77: M.7.4.34 | B77: Switzerland
A78: M.7.4.35 | B78: United Kingdom
A79: M.7.4.36 | B79: Australia
A80: M.7.4.37 | B80: Brazil
A81: M.7.4.38 | B81: Canada
A82: M.7.4.39 | B82: Japan
A83: M.7.4.40 | B83: Korea
A84: M.7.4.41 | B84: New Zealand
A85: M.7.4.42 | B85: Singapore
A86: M.7.4.43 | B86: US
A87: M.7.4.44 | B87: Other
A88: OM.7.4.1 | B88: o/w [If relevant, please specify]
... A97: OM.7.4.10 | B97: o/w [If relevant, please specify]
B98: 5. Breakdown by regions of main country of origin | C98: % Residential Loans | D98: % Commercial Loans | F98: % Total Mortgages
A99: M.7.5.1 | B99: Greater Copenhagen area (Region Hovedstaden) | C99: 0.5442819 | D99: 0.4309498 | F99: 0.51225965
A100: M.7.5.2 | B100: Remaining Zealand & Bornholm (Region Sjælland) | C100: 0.11483063 | D100: 0.11852437 | F100: 0.11583978
A101: M.7.5.3 | B101: Northern Jutland (Region Nordjylland) | C101: 0.044096027 | D101: 0.085848459 | F101: 0.055979607
A102: M.7.5.4 | B102: Eastern Jutland (Region Midtjylland) | C102: 0.16348722 | D102: 0.15634319 | F102: 0.1614023
A103: M.7.5.5 | B103: Southern Jutland & Funen (Region Syddanmark) | C103: 0.13330423 | D103: 0.20833418 | F103: 0.15451867
A104: M.7.5.6
A105: M.7.5.7
A106: M.7.5.8
A107: M.7.5.9
A108: M.7.5.10
A109: M.7.5.11
A110: M.7.5.12
A111: M.7.5.13
A112: M.7.5.14
A113: M.7.5.15
A114: M.7.5.16
A115: M.7.5.17
... A148: M.7.5.50
B149: 6. Breakdown by Interest Rate | C149: % Residential Loans | D149: % Commercial Loans | F149: % Total Mortgages
...

Sheet C. HTT Harmonised Glossary
A1: C. Harmonised Transparency Template - Glossary | C1: HTT 2024
A3: The definitions below reflect the national specificities
A5: Field Number | B5: 1. Glossary - Standard Harmonised Items | C5: Definition
A6: HG.1.1 | B6: OC Calculation: Statutory | C6: Total value of cover pool subtracted nominal value of covered bonds
A7: HG.1.2 | B7: OC Calculation: Contractual | C7: Minimum legal required OC of RWA
A8: HG.1.3 | B8: OC Calculation: Voluntary | C8: ND2
A9: HG.1.4 | B9: Interest Rate Types | C9: Index Loans: These are loans where instalments and outstanding debt are adjusted with the development of an index which typically reflects trends in consumer prices. The loan type was introduced in Denmark in 1982. All Danish index loans have index semi-annual payment dates (January 1st and July 1st). Index loans are offered as cash loans. The maturity depends on the loan type. Especially the maturity for subsidized housing depends on the size of the future inflation rate. Fixed-rate loans: The long-term – typically 30-year – fixed-rate, callable loan is considered the most traditional mortgage loan. With this loan, the borrower knows in advance the fixed repayments throughout the term of the loan. The long-term fixed-rate mortgage loan has a prepayment option which may be exercised in two ways, i.e. the borrowers may prepay their outstanding debt at a price of 100 (par) or the borrowers may purchase the underlying bonds in the financial markets and deliver them to the mortgage bank. This loan type is also offered with interest-only periods. Adjustable Rate Mortgages: Adjustable-rate mortgages (ARMs) were introduced in 1996 and the main advantage of ARMs is that interest rates are generally lower than those of fixed-rate loans when raised. The interest rate is generally reset at a frequency of 1, 3, 5 or 10 years and the underlying bonds are replaced by new bonds. The yield of the new bonds determines the loan rate for the period until the next interest rate reset. The lower initial loan rate should therefore be weighed against the risk that it will increase during the loan term. An ARM may be prepaid at a price of 100 in connection with each interest rate reset. Alternatively, the borrower may prepay the loan by purchasing the bonds on market terms – as with all mortgage loans. This loan type is also offered with interest-only periods. Money market based loans: The loan rate changes at generally three or six months. In addition, this loan type differs from ARMs as this interest rate depends on a reference rate, ie an interest rate determined in another market. The reference rate of DKK-denominated loans is CIBOR (Copenhagen Interbank Offered Rate) or CITA (Copenhagen Interbank Tomorrow/Next Average ), an interest rate which is quoted daily by NASDAQ. This loan type is also offered with interest-only periods. Non Capped floaters: These are loans where the rate changes at generally three or six months. The reference rate of DKK-denominated loans is CIBOR (Copenhagen Interbank Offered Rate) or CITA (Copenhagen Interbank Tomorrow/Next Average ), an interest rate which is quoted daily by OMX NASDAQ Capped floaters: It is possible to get a loan with a floating interest rate which cannot exceed a certain level (cap). In this way, the borrower hedges against major interest rate increases. If a loan has a cap of 6%, then the interest rate can never be higher than 6%. The loan rate will track Cibor (or Euribor / Cita), as long as it does not exceed 6%. A floating-rate loan may be prepaid in two ways: either at an agreed price – typically 100 or 105 – or the borrower may buy the underlying bonds at market price. Other: Any other loan types, which not comply with the above mentioned.
A10: HG.1.5 | B10: Residual Life Buckets of Cover assets [i.e. how is the contractual and/or expected residual life defined? What assumptions eg, in terms of prepayments? etc.] | C10: Only contratual maturity is relevant and reported. Early repayments happens at borrowes discretion is among other thing depending on interest rate developments and cannot be anticipated by issuer.
A11: HG.1.6 | B11: Maturity Buckets of Covered Bonds [i.e. how is the contractual and/or expected maturity defined? What maturity structure (hard bullet, soft bullet, conditional pass through)? Under what conditions/circumstances? Etc.] | C11: Only contratual maturity is relevant and reported. Early repayments happens at borrowes discretion is among other thing depending on interest rate developments and cannot be anticipated by issuer.
A12: HG.1.7 | B12: Maturity Extention Triggers | C12: [insert link to the national legislation where the maturity extention triggers are listed - insert link of relevant programme prospectus]
A13: HG.1.8 | B13: LTVs: Definition | C13: LTV is reportet continuously. The loans are distributed from the start ltv of the loan to the marginal ltv. This means that, if the loan is first rank, it is distributed proportionaly by bracket size from 0 to the marginal
A14: HG.1.9 | B14: LTVs: Calculation of property/shipping value
A15: HG.1.10 | B15: LTVs: Applied property/shipping valuation techniques, including whether use of index, Automated Valuation Model (AVM) or on-site audits
A16: HG.1.11 | B16: LTVs: Frequency and time of last valuation | C16: Minimum once pr. year for commercial properties. Minimum once every third year for owner occupied.
A17: HG.1.12 | B17: Explain how mortgage types are defined whether for residential housing, multi-family housing, commercial real estate, etc. Same for shipping where relecvant | C17: The Danish FSA sets guidelines for the grouping of property in categories. Property type is determined by its primary use.
A18: HG.1.13 | B18: Hedging Strategy (please explain how you address interest rate and currency risk) | C18: [For completion]
A19: HG.1.14 | B19: Non-performing loans | C19: A loan is categorised as non-performing when a borrower neglects a payment failing to pay instalments and / or interests.
A20: HG.1.15 | B20: Valuation Method | C20: [For completion]
A21: OHG.1.1 | B21: NPV assumptions (when stated)
A22: OHG.1.2
A23: OHG.1.3
A24: OHG.1.4
A25: OHG.1.5
A26: OHG.1.6
A27: OHG.1.7
B28: 2. Glossary - ESG items (optional) | C28: Definition
A29: HG.2.1 | B29: Sustainability - strategy pursued in the cover pool | C29: A and B properties/estimated or EPC lebelled properties.
A30: HG.2.2 | B30: Subsidised Housing (definitions of affordable, social housing)
A31: HG.2.3 | B31: New Property and Existing Property | C31: New properties are buildings construkted within the last 5 calender years.
A32: OHG.2.1 | B32: Indication of proxy usage for ESG-related data (indicator, methodology, timing, share of proxy usage for single indicators etc.) | C32: The methodology from FIDA have been used to calulate CO2.
A33: OHG.2.2 | B33: CO2 calculation agriculture | C33: When calculating CO2 for agriculture the most recent data from Conterra has been used. Conterra data is updated end of year (published in September). The portefolio data are updated quarterly.
A34: OHG.2.3
A35: OHG.2.4
A36: OHG.2.5
A37: OHG.2.6
A38: OHG.2.7
A39: OHG.2.8
A40: OHG.2.9
A41: OHG.2.10
A42: OHG.2.11
A43: OHG.2.12
B44: 3. Reason for No Data | C44: Value
A45: HG.3.1 | B45: Not applicable for the jurisdiction | C45: ND1
A46: HG.3.2 | B46: Not relevant for the issuer and/or CB programme at the present time | C46: ND2
A47: HG.3.3 | B47: Not available at the present time | C47: ND3
A48: OHG.3.1 | B48: Confidential Information | C48: ND4
A49: OHG.3.2
A50: OHG.3.3
B51: 4. Glossary - Extra national and/or Issuer Items | C51: Definition
A52: HG.4.1 | B52: Other definitions deemed relevant | C52: [For completion]
A53: OHG.4.1
A54: OHG.4.2
A55: OHG.4.3
A56: OHG.4.4
A57: OHG.4.5

Sheet E. Optional ECB-ECAIs data
A1: This addendum is optional
A2: E. Harmonised Transparency Template - Optional ECB - ECAIs Data Disclosure | F2: HTT 2024
B4: Reporting in Domestic Currency | C4: DKK | I4: Reason for No Data in Worksheet E. | J4: Value
I5: Not applicable for the jurisdiction | J5: ND1
B6: CONTENT OF TAB E | I6: Not relevant for the issuer and/or CB programme at the present time | J6: ND2
B7: 1. Additional information on the programme | I7: Not available at the present time | J7: ND3
B8: 2. Additional information on the swaps | I8: Confidential | J8: ND4
B9: 3. Additional information on the asset distribution
I10: * Legal Entity Identifier (LEI) finder: http://www.lei-lookup.com/#!search
I11: ** Weighted Average Maturity = Remaining Term to Maturity
A12: Field Number | B12: 1. Additional information on the programme
B13: Transaction Counterparties | C13: Name | D13: Legal Entity Identifier (LEI)*
A14: E.1.1.1 | B14: Sponsor (if applicable) | C14: ND2 | D14: ND2
A15: E.1.1.2 | B15: Servicer | C15: NETS A/S | D15: 2138001VO8L6MTIDB405
A16: E.1.1.3 | B16: Back-up servicer | C16: ND2 | D16: ND2
A17: E.1.1.4 | B17: BUS facilitator | C17: ND1 | D17: ND1
A18: E.1.1.5 | B18: Cash manager | C18: Realkredit Danmark A/S | D18: 549300NLOMBWE943Y
A19: E.1.1.6 | B19: Back-up cash manager | C19: ND2 | D19: ND2
A20: E.1.1.7 | B20: Account bank | C20: Danske Banks A/S | D20: MAES062Z21O4RZ2U7M96
A21: E.1.1.8 | B21: Standby account bank | C21: ND2 | D21: ND2
A22: E.1.1.9 | B22: Account bank guarantor | C22: ND3 | D22: ND3
A23: E.1.1.10 | B23: Trustee | C23: ND2 | D23: ND2
A24: E.1.1.11 | B24: Cover Pool Monitor | C24: Realkredit Danmark A/S | D24: 549300NLOMBWE943Y
A25: OE.1.1.1 | B25: where applicable - paying agent
A26: OE.1.1.2
A27: OE.1.1.3
A28: OE.1.1.4
A29: OE.1.1.5
A30: OE.1.1.6
A31: OE.1.1.7
A32: OE.1.1.8
B33: 2. Additional information on the swaps
B34: Swap Counterparties | C34: Guarantor (if applicable) | D34: Legal Entity Identifier (LEI)* | E34: Type of Swap
A35: E.2.1.1 | B35: ND2 | C35: ND" | D35: ND2 | E35: ND2
A36: E.2.1.2
A37: E.2.1.3
A38: E.2.1.4
A39: E.2.1.5
A40: E.2.1.6
A41: E.2.1.7
A42: E.2.1.8
A43: E.2.1.9
A44: E.2.1.10
A45: E.2.1.11
A46: E.2.1.12
A47: E.2.1.13
... A72: OE.2.1.13
B73: 3. Additional information on the asset distribution
B74: 1. General Information | C74: Total Assets
A75: E.3.1.1 | B75: Weighted Average Seasoning (years) | C75: 144
A76: E.3.1.2 | B76: Weighted Average Maturity (years)** | C76: 252
A77: OE.3.1.1
A78: OE.3.1.2
A79: OE.3.1.3
A80: OE.3.1.4
B81: 2. Arrears | C81: % Residential Loans | D81: % Commercial Loans | E81: % Public Sector Assets | F81: % Shipping Loans | G81: % Total Loans
A82: E.3.2.1 | B82: 1-<30 days | C82: 0.35 | D82: 0.16 | G82: 0.33
A83: E.3.2.2 | B83: 30-<60 days | C83: 0.24 | D83: 0.11 | G83: 0.22
A84: E.3.2.3 | B84: 60-<90 days | C84: 0.14 | D84: 0.06 | G84: 0.09
A85: E.3.2.4 | B85: 90-<180 days | C85: 0.08 | D85: 0.03 | G85: 0.06
A86: E.3.2.5 | B86: >= 180 days | C86: 0.01 | D86: 0.03 | G86: 0.02
A87: OE.3.2.1
A88: OE.3.2.2
A89: OE.3.2.3
A90: OE.3.2.4

Sheet F1. Sustainable M data
A1: F1. Harmonised Transparency Template - Sustainable Mortgage Data | F1: HTT 2024
B3: Reporting in Domestic Currency | C3: DKK
B5: CONTENT OF TAB F1
B6: 1. Share of sustainable loans in the total mortgage program
B7: 2. Additional information on the sustainable section of the mortgage stock
B8: 2A. Sustainable Residential Cover Pool
B9: 2B. Sustainable Commercial Cover Pool
B13: 1. Share of sustainable loans in the total mortgage program
B14: 1. Amount of sustainable loans | C14: Nominal (mn) | D14: Number of loans | F14: % Nominal (mn) to total mortgage program | G14: % No. of Loans to total mortgage program
A15: SM.1.1.1 | B15: EE mortgage loans | C15: 85815 | D15: 15397 | F15: =IF(OR('B1. HTT Mortgage Assets'!$C$15=0,C15="[For completion]"),"",C15/'B1. HTT Mortgage Assets'!$C$15) -> 0.19091255 | G15: =IF(OR('B1. HTT Mortgage Assets'!$F$28=0,D15="[For completion]"),"",D15/'B1. HTT Mortgage Assets'!$F$28) -> 0.081737635
A16: SM.1.1.2 | B16: Social impact mortgage loans | C16: 1552 | D16: 762 | F16: =IF(OR('B1. HTT Mortgage Assets'!$C$15=0,C16="[For completion]"),"",C16/'B1. HTT Mortgage Assets'!$C$15) -> 0.0034527329 | G16: =IF(OR('B1. HTT Mortgage Assets'!$F$28=0,D16="[For completion]"),"",D16/'B1. HTT Mortgage Assets'!$F$28) -> 0.0040452087
A17: SM.1.1.3 | B17: other | C17: 0 | D17: 0 | F17: =IF(OR('B1. HTT Mortgage Assets'!$C$15=0,C17="[For completion]"),"",C17/'B1. HTT Mortgage Assets'!$C$15) -> 0 | G17: =IF(OR('B1. HTT Mortgage Assets'!$F$28=0,D17="[For completion]"),"",D17/'B1. HTT Mortgage Assets'!$F$28) -> 0
A18: SM.1.1.4 | B18: Total sustainable mortgage loans | C18: =SUM(C15:C17) -> 87367 | D18: =SUM(D15:D17) -> 16159 | F18: =SUM(F15:F17) -> 0.19436528 | G18: =SUM(G15:G17) -> 0.085782843
A19: OSM.1.1.1 | B19: o/w [If relevant, please specify]
A20: OSM.1.1.2 | B20: o/w [If relevant, please specify]
A21: OSM.1.1.3 | B21: o/w [If relevant, please specify]
A22: OSM.1.1.4 | B22: o/w [If relevant, please specify]
A23: OSM.1.1.5 | B23: o/w [If relevant, please specify]
B24: 2. Additional information on the sustainable section of the mortgage stock
B25: 1. Sustainable Property Type Information | C25: Nominal (mn) | F25: % Total sustainable Mortgages
A26: SM.2.1.1 | B26: Residential | C26: 56646 | F26: =IF($C$29=0,"",IF(C26="[For completion]","",C26/$C$29)) -> 0.64836838
A27: SM.2.1.2 | B27: Commercial | C27: 30720 | F27: =IF($C$29=0,"",IF(C27="[For completion]","",C27/$C$29)) -> 0.35162018
A28: SM.2.1.3 | B28: Other | C28: 1 | F28: =IF($C$29=0,"",IF(C28="[For completion]","",C28/$C$29)) -> 1.1445969e-05
A29: SM.2.1.4 | B29: Total | C29: =SUM(C26:C28) -> 87367 | F29: =SUM(F26:F28) -> 1
A30: OSM.2.1.1 | B30: o/w Forest & Agriculture | F30: =IF($C$29=0,"",IF(C30="[For completion]","",C30/$C$29)) -> 0
A31: OSM.2.1.2 | B31: o/w EE residential | F31: =IF($C$29=0,"",IF(C31="[For completion]","",C31/$C$29)) -> 0
A32: OSM.2.1.3 | B32: o/w EE commercial | F32: =IF($C$29=0,"",IF(C32="[For completion]","",C32/$C$29)) -> 0
A33: OSM.2.1.4 | B33: o/w EE other | F33: =IF($C$29=0,"",IF(C33="[For completion]","",C33/$C$29)) -> 0
A34: OSM.2.1.5 | B34: EE total | F34: =IF($C$29=0,"",IF(C34="[For completion]","",C34/$C$29)) -> 0
A35: OSM.2.1.6 | B35: o/w Social residential | F35: =IF($C$29=0,"",IF(C35="[For completion]","",C35/$C$29)) -> 0
A36: OSM.2.1.7 | B36: o/wSocial Commercial | F36: =IF($C$29=0,"",IF(C36="[For completion]","",C36/$C$29)) -> 0
A37: OSM.2.1.8 | B37: o/w social other | F37: =IF($C$29=0,"",IF(C37="[For completion]","",C37/$C$29)) -> 0
A38: OSM.2.1.9 | B38: social tot | F38: =IF($C$29=0,"",IF(C38="[For completion]","",C38/$C$29)) -> 0
A39: OSM.2.1.10 | B39: o/w Renewable Energy and Renewable Energy Transmission
A40: OSM.2.1.11 | B40: o/w [If relevant, please specify]
A41: OSM.2.1.12 | B41: o/w [If relevant, please specify]
A42: OSM.2.1.13 | B42: o/w [If relevant, please specify]
A43: OSM.2.1.14 | B43: o/w [If relevant, please specify]
A44: OSM.2.1.15 | B44: o/w [If relevant, please specify]
A45: OSM.2.1.16 | B45: o/w [If relevant, please specify]
A46: OSM.2.1.17 | B46: o/w [If relevant, please specify]
A47: OSM.2.1.18 | B47: o/w [If relevant, please specify]
B48: 2. General Information | C48: Residential Loans | D48: Commercial Loans | F48: Total sustainable Mortgages
A49: SM.2.2.1 | B49: Number of sustainable mortgage loans | C49: 14926 | D49: 1231 | F49: 16157
A50: OSM.2.2.1 | B50: Optional information eg, Number of borrowers
A51: OSM.2.2.2 | B51: Optional information eg, Number of guarantors
A52: OSM.2.2.3
A53: OSM.2.2.4
A54: OSM.2.2.5
A55: OSM.2.2.6
B56: 3. Concentration Risks | C56: % Residential Loans | D56: % Commercial Loans | F56: % Total Sustainable Mortgages
A57: SM.2.3.1 | B57: 10 largest exposures | C57: 0.1 | D57: 0.36 | F57: 0.13
A58: OSM.2.3.1
A59: OSM.2.3.2
A60: OSM.2.3.3
A61: OSM.2.3.4
A62: OSM.2.3.5
A63: OSM.2.3.6
B64: 4. Breakdown by Geography | C64: % Residential Loans | D64: % Commercial Loans | F64: % Total Sustainable Mortgages
A65: SM.2.4.1 | B65: European Union | C65: =SUM(C66:C92) -> 1 | D65: =SUM(D66:D92) -> 1 | F65: =SUM(F66:F92) -> 0
A66: SM.2.4.2 | B66: Austria
A67: SM.2.4.3 | B67: Belgium
A68: SM.2.4.4 | B68: Bulgaria
A69: SM.2.4.5 | B69: Croatia
A70: SM.2.4.6 | B70: Cyprus
A71: SM.2.4.7 | B71: Czechia
A72: SM.2.4.8 | B72: Denmark | C72: 1 | D72: 0.88272107
A73: SM.2.4.9 | B73: Estonia
A74: SM.2.4.10 | B74: Finland
A75: SM.2.4.11 | B75: France
A76: SM.2.4.12 | B76: Germany
A77: SM.2.4.13 | B77: Greece
A78: SM.2.4.14 | B78: Netherlands
A79: SM.2.4.15 | B79: Hungary
A80: SM.2.4.16 | B80: Ireland
A81: SM.2.4.17 | B81: Italy
A82: SM.2.4.18 | B82: Latvia
A83: SM.2.4.19 | B83: Lithuania
A84: SM.2.4.20 | B84: Luxembourg
... A91: SM.2.4.27 | B91: Spain
A92: SM.2.4.28 | B92: Sweden | C92: 0 | D92: 0.11727893
A93: SM.2.4.29 | B93: European Economic Area (not member of EU) | C93: =SUM(C94:C96) -> 0 | D93: =SUM(D94:D96) -> 0 | F93: =SUM(F94:F96) -> 0
A94: SM.2.4.30 | B94: Iceland
A95: SM.2.4.31 | B95: Liechtenstein
A96: SM.2.4.32 | B96: Norway
A97: SM.2.4.33 | B97: Other | C97: =SUM(C98:C108) -> 0 | D97: =SUM(D98:D108) -> 0 | F97: =SUM(F98:F108) -> 0
A98: SM.2.4.34 | B98: Switzerland
A99: SM.2.4.35 | B99: United Kingdom
A100: SM.2.4.36 | B100: Australia
A101: SM.2.4.37 | B101: Brazil
A102: SM.2.4.38 | B102: Canada
A103: SM.2.4.39 | B103: Japan
A104: SM.2.4.40 | B104: Korea
A105: SM.2.4.41 | B105: New Zealand
A106: SM.2.4.42 | B106: Singapore
A107: SM.2.4.43 | B107: US
A108: SM.2.4.44 | B108: Other
A109: SM.2.4.45 | B109: o/w [If relevant, please specify]
... A118: SM.2.4.54 | B118: o/w [If relevant, please specify]
B119: 5. Breakdown by regions of main country of origin | C119: % Residential Loans | D119: % Commercial Loans | F119: % Total Mortgages
...

Sheet F2. Sustainable PS data
A1: F2. Harmonised Transparency Template - Sustainable Public Sector Assets | F1: HTT 2024
B3: Reporting in Domestic Currency | C3: [Please insert currency]
B5: CONTENT OF TAB F2
B6: 1. Share of sustainable Public Sector Assets
B7: 2. Sustainable Public Sector Assets
B9: 1. Share of sustainable public sector assets in the total cover pool program
B10: 1. Amount of sustainable loans | C10: Nominal (mn) | D10: Number of loans | F10: % Nominal (mn) to total Public Sector program | G10: % No. of Loans to total Public Sector program
A11: SPS.1.1.1 | B11: Green Public Sector exposures | C11: ND2 | D11: ND2 | F11: =IF(OR(#REF!=0,C11="[For completion]"),"",C11/#REF!) -> #REF! | G11: =IF(OR(#REF!=0,D11="[For completion]"),"",D11/#REF!) -> #REF!
A12: SPS.1.1.2 | B12: o/w Local Communities | C12: ND2 | D12: ND2
A13: SPS.1.1.3 | B13: o/w Hospitals | C13: ND2 | D13: ND2
A14: SPS.1.1.4 | B14: o/w Export Credit | C14: ND2 | D14: ND2
B15: o/w other | C15: ND2 | D15: ND2
A16: SPS.1.1.5 | B16: Social Public Sector exposures | C16: ND2 | D16: ND2 | F16: =IF(OR(#REF!=0,C16="[For completion]"),"",C16/#REF!) -> #REF! | G16: =IF(OR(#REF!=0,D16="[For completion]"),"",D16/#REF!) -> #REF!
A17: SPS.1.1.6 | B17: o/w Local Communities | C17: ND2 | D17: ND2
A18: SPS.1.1.7 | B18: o/w Hospitals | C18: ND2 | D18: ND2
A19: SPS.1.1.8 | B19: o/w Export Credit | C19: ND2 | D19: ND2
B20: o/w other | C20: ND2 | D20: ND2
A21: SPS.1.1.9 | B21: other | C21: ND2 | D21: ND2 | F21: =IF(OR(#REF!=0,C21="[For completion]"),"",C21/#REF!) -> #REF! | G21: =IF(OR(#REF!=0,D21="[For completion]"),"",D21/#REF!) -> #REF!
A22: SPS.1.1.10 | B22: Total sustainable Public Sector exposures | C22: =SUM(C11,C16,C21) -> 0 | D22: =SUM(D11,D16,D21) -> 0 | F22: =SUM(F11:F21) -> #REF! | G22: =SUM(G11:G21) -> #REF!
A23: OSPS.1.1.1 | B23: o/w [If relevant, please specify]
A24: OSPS.1.1.2 | B24: o/w [If relevant, please specify]
A25: OSPS.1.1.3 | B25: o/w [If relevant, please specify]
A26: OSPS.1.1.4 | B26: o/w [If relevant, please specify]
A27: OSPS.1.1.5 | B27: o/w [If relevant, please specify]
B30: 2. Type of use of sustainable loans | C30: Nominal (mn) | D30: Number of loans | F30: % Nominal (mn) to total Public Sector program | G30: % No. of Loans to total Public Sector program
A31: SPS.1.2.1 | B31: Renewable energy | C31: ND2 | D31: ND2 | F31: =IF(OR(#REF!=0,C31="[For completion]"),"",C31/#REF!) -> #REF! | G31: =IF(OR(#REF!=0,D31="[For completion]"),"",D31/#REF!) -> #REF!
A32: SPS.1.2.2 | B32: Energy efficiency | C32: ND2 | D32: ND2 | F32: =IF(OR(#REF!=0,C32="[For completion]"),"",C32/#REF!) -> #REF! | G32: =IF(OR(#REF!=0,D32="[For completion]"),"",D32/#REF!) -> #REF!
A33: SPS.1.2.3 | B33: Pollution prevention and control | C33: ND2 | D33: ND2 | F33: =IF(OR(#REF!=0,C33="[For completion]"),"",C33/#REF!) -> #REF! | G33: =IF(OR(#REF!=0,D33="[For completion]"),"",D33/#REF!) -> #REF!
A34: SPS.1.2.4 | B34: Ecologically sustainable management of living natural resources and land use | C34: ND2 | D34: ND2 | F34: =IF(OR(#REF!=0,C34="[For completion]"),"",C34/#REF!) -> #REF! | G34: =IF(OR(#REF!=0,D34="[For completion]"),"",D34/#REF!) -> #REF!
A35: SPS.1.2.5 | B35: Conservation of terrestrial and marine biodiversity | C35: ND2 | D35: ND2 | F35: =IF(OR(#REF!=0,C35="[For completion]"),"",C35/#REF!) -> #REF! | G35: =IF(OR(#REF!=0,D35="[For completion]"),"",D35/#REF!) -> #REF!
A36: SPS.1.2.6 | B36: Clean transportation/mobility | C36: ND2 | D36: ND2 | F36: =IF(OR(#REF!=0,C36="[For completion]"),"",C36/#REF!) -> #REF! | G36: =IF(OR(#REF!=0,D36="[For completion]"),"",D36/#REF!) -> #REF!
A37: SPS.1.2.7 | B37: Sustainable (waste) water management | C37: ND2 | D37: ND2 | F37: =IF(OR(#REF!=0,C37="[For completion]"),"",C37/#REF!) -> #REF! | G37: =IF(OR(#REF!=0,D37="[For completion]"),"",D37/#REF!) -> #REF!
A38: SPS.1.2.8 | B38: Adaptation to climate change | C38: ND2 | D38: ND2 | F38: =IF(OR(#REF!=0,C38="[For completion]"),"",C38/#REF!) -> #REF! | G38: =IF(OR(#REF!=0,D38="[For completion]"),"",D38/#REF!) -> #REF!
A39: SPS.1.2.9 | B39: Environmentally efficient products and/or products, product technologies and processes suitable for the circular economy | C39: ND2 | D39: ND2 | F39: =IF(OR(#REF!=0,C39="[For completion]"),"",C39/#REF!) -> #REF! | G39: =IF(OR(#REF!=0,D39="[For completion]"),"",D39/#REF!) -> #REF!
A40: SPS.1.2.10 | B40: Financially viable basic infrastructure | C40: ND2 | D40: ND2 | F40: =IF(OR(#REF!=0,C40="[For completion]"),"",C40/#REF!) -> #REF! | G40: =IF(OR(#REF!=0,D40="[For completion]"),"",D40/#REF!) -> #REF!
A41: SPS.1.2.11 | B41: Access to basic social services | C41: ND2 | D41: ND2 | F41: =IF(OR(#REF!=0,C41="[For completion]"),"",C41/#REF!) -> #REF! | G41: =IF(OR(#REF!=0,D41="[For completion]"),"",D41/#REF!) -> #REF!
A42: SPS.1.2.12 | B42: Affordable housing | C42: ND2 | D42: ND2 | F42: =IF(OR(#REF!=0,C42="[For completion]"),"",C42/#REF!) -> #REF! | G42: =IF(OR(#REF!=0,D42="[For completion]"),"",D42/#REF!) -> #REF!
... A45: SPS.1.2.15 | B45: Socio-economic development and empowerment. | C45: ND2 | D45: ND2 | F45: =IF(OR(#REF!=0,C45="[For completion]"),"",C45/#REF!) -> #REF! | G45: =IF(OR(#REF!=0,D45="[For completion]"),"",D45/#REF!) -> #REF!
A46: SPS.1.2.16 | B46: Total sustainable Public Sector exposures | C46: =SUM(C31,C36,C40) -> 0 | D46: =SUM(D31,D36,D40) -> 0 | F46: =SUM(F31:F40) -> #REF! | G46: =SUM(G31:G40) -> #REF!
B48: 2. Sustainable Public Sector Assets
B49: 1. General Information
A50: SPS.2.1.1 | B50: Number of public sector exposures | C50: ND2
A51: OSPS.2.1.1 | B51: Optional information eg, Number of borrowers
A52: OSPS.2.1.2 | B52: Optional information eg, Number of guarantors
A53: OSPS.2.1.3
A54: OSPS.2.1.4
A55: OSPS.2.1.5
A56: OSPS.2.1.6
A57: OSPS.2.1.7
B58: 2. Size Information | C58: Nominal | D58: Number of Exposures | F58: % Public Sector Assets | G58: % No. of Exposures
A59: SPS.2.2.1 | B59: Average exposure size (000s) | C59: ND2
B61: By buckets (mn):
A62: SPS.2.2.2 | C62: ND2 | D62: ND2 | F62: =IF($C$77=0,"",IF(C62="[for completion]","",C62/$C$77)) | G62: =IF($D$77=0,"",IF(D62="[for completion]","",D62/$D$77))
A63: SPS.2.2.3 | C63: ND2 | D63: ND2 | F63: =IF($C$77=0,"",IF(C63="[for completion]","",C63/$C$77)) | G63: =IF($D$77=0,"",IF(D63="[for completion]","",D63/$D$77))
A64: SPS.2.2.4 | C64: ND2 | D64: ND2 | F64: =IF($C$77=0,"",IF(C64="[for completion]","",C64/$C$77)) | G64: =IF($D$77=0,"",IF(D64="[for completion]","",D64/$D$77))
A65: SPS.2.2.5 | C65: ND2 | D65: ND2 | F65: =IF($C$77=0,"",IF(C65="[for completion]","",C65/$C$77)) | G65: =IF($D$77=0,"",IF(D65="[for completion]","",D65/$D$77))
A66: SPS.2.2.6 | C66: ND2 | D66: ND2 | F66: =IF($C$77=0,"",IF(C66="[for completion]","",C66/$C$77)) | G66: =IF($D$77=0,"",IF(D66="[for completion]","",D66/$D$77))
A67: SPS.2.2.7 | C67: ND2 | D67: ND2 | F67: =IF($C$77=0,"",IF(C67="[for completion]","",C67/$C$77)) | G67: =IF($D$77=0,"",IF(D67="[for completion]","",D67/$D$77))
A68: SPS.2.2.8 | C68: ND2 | D68: ND2 | F68: =IF($C$77=0,"",IF(C68="[for completion]","",C68/$C$77)) | G68: =IF($D$77=0,"",IF(D68="[for completion]","",D68/$D$77))
A69: SPS.2.2.9 | C69: ND2 | D69: ND2 | F69: =IF($C$77=0,"",IF(C69="[for completion]","",C69/$C$77)) | G69: =IF($D$77=0,"",IF(D69="[for completion]","",D69/$D$77))
A70: SPS.2.2.10 | C70: ND2 | D70: ND2 | F70: =IF($C$77=0,"",IF(C70="[for completion]","",C70/$C$77)) | G70: =IF($D$77=0,"",IF(D70="[for completion]","",D70/$D$77))
A71: SPS.2.2.11 | C71: ND2 | D71: ND2 | F71: =IF($C$77=0,"",IF(C71="[for completion]","",C71/$C$77)) | G71: =IF($D$77=0,"",IF(D71="[for completion]","",D71/$D$77))
A72: SPS.2.2.12 | C72: ND2 | D72: ND2 | F72: =IF($C$77=0,"",IF(C72="[for completion]","",C72/$C$77)) | G72: =IF($D$77=0,"",IF(D72="[for completion]","",D72/$D$77))
A73: SPS.2.2.13 | C73: ND2 | D73: ND2 | F73: =IF($C$77=0,"",IF(C73="[for completion]","",C73/$C$77)) | G73: =IF($D$77=0,"",IF(D73="[for completion]","",D73/$D$77))
... A76: SPS.2.2.16 | C76: ND2 | D76: ND2 | F76: =IF($C$77=0,"",IF(C76="[for completion]","",C76/$C$77)) | G76: =IF($D$77=0,"",IF(D76="[for completion]","",D76/$D$77))
A77: SPS.2.2.17 | B77: Total | C77: =SUM(C62:C76) -> 0 | D77: =SUM(D62:D76) -> 0 | F77: =SUM(F62:F76) -> 0 | G77: =SUM(G62:G76) -> 0
B78: 3. Breakdown by Asset Type | C78: Nominal (mn) | F78: % Public Sector Assets
A79: SPS.2.3.1 | B79: Loans | C79: ND2 | F79: =IF($C$82=0,"",IF(C79="[for completion]","",C79/$C$82))
A80: SPS.2.3.2 | B80: Bonds | C80: ND2 | F80: =IF($C$82=0,"",IF(C80="[for completion]","",C80/$C$82))
A81: SPS.2.3.3 | B81: Other | C81: ND2 | F81: =IF($C$82=0,"",IF(C81="[for completion]","",C81/$C$82))
A82: SPS.2.3.4 | B82: Total | C82: =SUM(C79:C81) -> 0 | F82: =SUM(F79:F81) -> 0
A83: OSPS.2.3.1
A84: OSPS.2.3.2
A85: OSPS.2.3.3
A86: OSPS.2.3.4
A87: OSPS.2.3.5
B88: 4. Breakdown by Geography | C88: % Public Sector Assets
A89: SPS.2.4.1 | B89: European Union | C89: =SUM(C90:C116) -> 0
A90: SPS.2.4.2 | B90: Austria | C90: ND2
A91: SPS.2.4.3 | B91: Belgium | C91: ND2
A92: SPS.2.4.4 | B92: Bulgaria | C92: ND2
A93: SPS.2.4.5 | B93: Croatia | C93: ND2
A94: SPS.2.4.6 | B94: Cyprus | C94: ND2
A95: SPS.2.4.7 | B95: Czechia | C95: ND2
A96: SPS.2.4.8 | B96: Denmark | C96: ND2
A97: SPS.2.4.9 | B97: Estonia | C97: ND2
A98: SPS.2.4.10 | B98: Finland | C98: ND2
A99: SPS.2.4.11 | B99: France | C99: ND2
A100: SPS.2.4.12 | B100: Germany | C100: ND2
A101: SPS.2.4.13 | B101: Greece | C101: ND2
... A116: SPS.2.4.28 | B116: Sweden | C116: ND2
A117: SPS.2.4.29 | B117: European Economic Area (not member of EU) | C117: =SUM(C118:C120) -> 0
A118: SPS.2.4.30 | B118: Iceland | C118: ND2
A119: SPS.2.4.31 | B119: Liechtenstein | C119: ND2
A120: SPS.2.4.32 | B120: Norway | C120: ND2
A121: SPS.2.4.33 | B121: Other | C121: =SUM(C122:C132) -> 0
A122: SPS.2.4.34 | B122: Switzerland | C122: ND2
A123: SPS.2.4.35 | B123: United Kingdom | C123: ND2
A124: SPS.2.4.36 | B124: Australia | C124: ND2
A125: SPS.2.4.37 | B125: Brazil | C125: ND2
...

Sheet D. NTT Frontpage
C5: Data per 31 March 2024
B22: Issuer: | C22: Realkredit Danmark A/S
B23: Issuer type: | C23: Specialized mortgage bank
B25: Cover pool setup: | C25: Single cover pool (SDRO)
B26: Cover pool: | C26: Capital Centre T
B27: Homepage: | C27: www.rd.dk/investor
B28: Format of template: | C28: Excel and PDF
B29: Frequency of update: | C29: Quarterly
B30: Published: | C30: 45952
B31: Data per: | C31: Q1 2024

Sheet NTT Contents
B5: ECBC Label Template : Contents
B7: As of | D7: End Q1 2024
B10: Specialised finance institutes
B11: General Issuer Detail
B12: A | D12: General Issuer Detail
B14: Cover Pool Information
B15: G1.1 | D15: General cover pool information
B16: G2 | D16: Outstanding CBs
B17: G2.1a-f | D17: Cover assets and maturity structure
B18: G2.2 | D18: Interest and currency risk
B19: G3 | D19: Legal ALM (balance principle) adherence
B20: G4 | D20: Additional characteristics of ALM business model for issued CBs
B22: M1/B1 | D22: Number of loans by property category
B23: M2/B2 | D23: Lending by property category, DKKbn
B24: M3/B3 | D24: Lending, by loan size, DKKbn
B25: M4a/B4a | D25: Lending, by-loan to-value (LTV), current property value, DKKbn
B26: M4b/B4b | D26: Lending, by-loan to-value (LTV), current property value, Per cent
B27: M4c/B4c | D27: Lending, by-loan to-value (LTV), current property value, DKKbn ("Sidste krone")
... B39: M12a/B12a | D39: Realised losses (%)
B43: Ship finance institutes
B44: A | D44: General Issuer Detail
B45: G1-G4 | D45: Cover pool information
B46: S1-S3 | D46: Lending
B47: S4 | D47: LTV
B48: S5 | D48: Lending by region and ship type
B49: S6-S8 | D49: Lending by ship type
B50: S9-13 | D50: Lending (Classification Societies, Size of Ships, NPL definition)
B53: Key Concepts
B54: X1 | D54: Key Concepts Explanation
B55: X2 | D55: Key Concepts Explanation
B56: X3 | D56: General explanation

Sheet Tabel A - General Issuer Detail
B4: Table A. General Issuer Detail | C4: Optional for Banks
B5: Key information regarding issuers' balance sheet
B9: (DKKbn – except Tier 1 and Solvency ratio) | C9: 2024Q1 | D9: 2023Q4 | E9: 2023Q3 | F9: 2023Q2
B10: Total Balance Sheet Assets | C10: 820.3 | D10: 816.1 | E10: 788.1 | F10: 781
B11: Total Customer Loans(fair value) | C11: 746.9 | D11: 753.6 | E11: 726.7 | F11: 725
B12: of which: Used/registered for covered bond collateral pool | C12: 746.9 | D12: 753.6 | E12: 726.7 | F12: 725
B13: Tier 1 Ratio (%) | C13: 0.314 | D13: 0.312 | E13: 0.288 | F13: 0.286
B14: Solvency Ratio (%) | C14: 0.314 | D14: 0.316 | E14: 0.293 | F14: 0.291
B15: Outstanding Covered Bonds (fair value) | C15: 760.6 | D15: 756.5 | E15: 729 | F15: 725.7
B16: Outstanding Senior Unsecured Liabilities | C16: 2 | D16: 2 | E16: 2 | F16: 2
B17: Senior Secured Bonds | C17: 0 | D17: 0 | E17: 0 | F17: 0
B18: Guarantees (e.g. provided by states, municipals, banks) | C18: 94.36 | D18: 97.56 | E18: 95.58 | F18: 94.42
B19: Net loan losses (Net loan losses and net loan loss provisions) | C19: 0.2 | D19: -0.1 | E19: 0 | F19: -0.066
B20: Value of acquired properties / ships (temporary possessions, end quarter) | C20: 0.013 | D20: 0.017 | E20: 0.01497 | F20: 0.012
B23: Customer loans (mortgage) (DKKbn)
B24: Total customer loans (market value) | C24: 796.4 | D24: 803.7 | E24: 807.3 | F24: 804.4
B25: Composition by
B27: Maturity
B28: - 0 <= 1 year | C28: 1.77 | D28: 1.09 | E28: 2.38 | F28: 1.42
B29: - < 1 <= 5 years | C29: 14.79 | D29: 13.91 | E29: 11.23 | F29: 12.34
B30: - over 5 years | C30: 779.81 | D30: 788.68 | E30: 793.71 | F30: 790.61
B31: Currency | C31: 0 | D31: 0 | E31: 0 | F31: 0
B32: - DKK | C32: 779 | D32: 785.7 | E32: 790.7 | F32: 786.6
B33: - EUR | C33: 1.8 | D33: 1.8 | E33: 2.1 | F33: 2.2
B34: - USD | C34: 0 | D34: 0 | E34: 0 | F34: 0
B35: - Other | C35: 15.6 | D35: 16.1 | E35: 14.5 | F35: 15.5
B36: customer type | C36: 0 | D36: 0 | E36: 0 | F36: 0
B37: - Residential (owner-occ., private rental, corporate housing, holiday houses) | C37: 419.1 | D37: 424.2 | E37: 429.7 | F37: 431.7
B38: - Commercial (office and business, industry, agriculture, manufacture, social and cultural, ships) | C38: 286.4 | D38: 286.7 | E38: 285.2 | F38: 283.9
B39: - Subsidised | C39: 90.8 | D39: 92.8 | E39: 92.5 | F39: 88.8
... B41: Non-performing loans (See definition in table X1) | C41: 0.1 | D41: 0.1 | E41: 0.1 | F41: 0.1
B42: Loan loss provisions (sum of total individual and group wise loss provisions, end of quarter) | C42: - | D42: - | E42: - | F42: -
F46: To Contents

Sheet G1-G4 - Cover pool inform.
B4: Table G1.1 – General cover pool information
B7: DKKbn / Percentage of nominal outstanding CBs | F7: 2024Q1 | G7: 2023Q4 | H7: 2023Q3 | I7: 2023Q2
B8: Nominal cover pool (total value) | F8: 483 | G8: 484 | H8: 482 | I8: 482
B9: Transmission or liquidation proceeds to CB holders (for redemption of CBs maturing 0-1 day) | F9: 6 | G9: 7 | H9: 5 | I9: 3
B10: Overcollateralisation | F10: 30 | G10: 32 | H10: 32 | I10: 29
B11: Overcollateralisation ratio | C11: Total | F11: 0.067 | G11: 0.07 | H11: 0.07 | I11: 0.065
C12: Mandatory (percentage of risk weigted assets,general, by law) | F12: 0.08 | G12: 0.08 | H12: 0.08 | I12: 0.08
B13: Nominal value of outstanding CBs | F13: 449 | G13: 452 | H13: 453 | I13: 453
C14: – hereof amount maturing 0-1 day | F14: 0 | G14: 0 | H14: 0 | I14: 0
B15: Proceeds from senior secured debt | F15: 0 | G15: 0 | H15: 0 | I15: 0
B16: Proceeds from senior unsecured debt | F16: 2 | G16: 2 | H16: 2 | I16: 2
B17: Tier 2 capital | F17: 0 | G17: 0 | H17: 0 | I17: 0
B18: Additional tier 1 capital (e.g. hybrid core capital) | F18: 0 | G18: 0 | H18: 0 | I18: 0
B19: Core tier 1 capital invested in gilt-edged securities | F19: 26 | G19: 28 | H19: 28 | I19: 27
B20: Total capital coverage (rating compliant capital) | F20: 26 | G20: 28 | H20: 28 | I20: 29
B22: Loan loss provisions (cover pool level - shown i Table A on issuer level) - Optional
B24: Table G2 – Outstanding CBs
B26: DKKbn / Percentage of nominal outstanding CBs | F26: 2024Q1 | G26: 2023Q4 | H26: 2023Q3 | I26: 2023Q2
B27: Nominal value of outstanding CBs | F27: 449 | G27: 452 | H27: 453 | I27: 453
B28: Fair value of outstanding CBs (marked value) | F28: 436 | G28: 441 | H28: 435 | I28: 433
B29: Maturity of issued CBs | F29: - | G29: - | H29: - | I29: -
C30: 1 day – < 1 year | F30: 111 | G30: 106 | H30: 140 | I30: 111
C31: 1 year | F31: - | G31: - | H31: - | I31: -
C32: > 1 and ≤ 2 years | F32: 120 | G32: 109 | H32: 83 | I32: 106
C33: > 2 and ≤ 3 years | F33: 118 | G33: 112 | H33: 109 | I33: 93
C34: > 3 and ≤ 4 years | F34: 62 | G34: 88 | H34: 86 | I34: 102
C35: > 4 and ≤ 5 years | F35: 20 | G35: 25 | H35: 27 | I35: 31
C36: 5-10 years | F36: 18 | G36: 12 | H36: 9 | I36: 9
C37: 10-20 years | F37: 0 | G37: 0 | H37: - | I37: -
C38: > 20 years | F38: - | G38: - | H38: - | I38: -
B39: Amortisation profile of issued CBs | C39: Bullet | F39: 0.8 | G39: 0.8 | H39: 0.82 | I39: 0.82
C40: Annuity | F40: 0.2 | G40: 0.2 | H40: 0.18 | I40: 0.18
C41: Serial | F41: - | G41: - | H41: - | I41: -
B42: Interest rate profile of issued CBs | C42: Fixed rate (Fixed rate constant for more than 1 year) | F42: 0.77 | G42: 0.77 | H42: 0.79 | I42: 0.79
C43: Floating rate ( Floating rate constant for less than 1 year) | F43: 0.23 | G43: 0.23 | H43: 0.21 | I43: 0.21
C44: Capped floating rate | F44: - | G44: - | H44: - | I44: -
B45: Currency denomination profile of issued CBs | C45: DKK | F45: 0.97 | G45: 0.96 | H45: 0.97 | I45: 0.97
C46: EUR | F46: 0 | G46: 0 | H46: 0 | I46: 0
C47: SEK | F47: 0.02 | G47: 0.02 | H47: 0.02 | I47: 0.02
C48: CHF | F48: - | G48: - | H48: - | I48: -
C49: NOK | F49: 0.01 | G49: 0.01 | H49: 0.01 | I49: 0.01
C50: USD | F50: - | G50: - | H50: - | I50: -
C51: Other | F51: - | G51: - | H51: - | I51: -
B52: UCITS compliant | F52: 1 | G52: 1 | H52: 1 | I52: 1
B53: CRD compliant | F53: 1 | G53: 1 | H53: 1 | I53: 1
B54: Eligible for central bank repo | F54: 1 | G54: 1 | H54: 1 | I54: 1
B55: Rating
C56: S&P | F56: AAA | G56: AAA | H56: AAA | I56: AAA
C57: Fitch | F57: AAA | G57: AAA | H57: AAA | I57: AAA
C58: Scope | F58: AAA | G58: AAA | H58: AAA | I58: AAA
B59: Table G2.1a-f – Cover assets and maturity structure
B61: Table G2.1a - Assets other than the loan portfolio in the cover pool
B62: Rating/maturity | C62: AAA | D62: AA+ | E62: AA | F62: AA- | G62: A+ | H62: A | I62: A- | J62: etc. | K62: Not rated
B63: Gilt-edged secutities / rating compliant capital
B64: 0-<1 year | C64: 9.6814313
B65: >1- < 5 years | C65: 16.986533
B66: > 5 years | C66: 3.3880299
B67: Total | C67: 30.055995 | D67: 0 | E67: 0 | F67: 0 | G67: 0 | H67: 0 | I67: 0 | J67: 0 | K67: 0
B69: Table G2.1b - Assets other than the loan portfolio in the cover pool
B70: Rating/type of cover asset | C70: AAA | D70: AA+ | E70: AA | F70: AA- | G70: A+ | H70: A | I70: A- | J70: etc. | K70: Not rated
B71: Exposures to/guaranteed by govenments etc. in EU | C71: 3.3162276 | D71: 0 | E71: 0
B72: Exposures to/guaranteed by govenments etc. third countries
B73: Exposure to credit institute credit quality step 1 | C73: 26.739772 | D73: 0 | E73: 0
B74: Exposure to credit institute credit quality step 2
B75: Total | C75: 30.056 | D75: 0 | E75: 0 | F75: 0 | G75: 0 | H75: 0 | I75: 0 | J75: 0 | K75: 0
B77: Table G2.1c - Assets other than the loan portfolio in the cover pool
B78: Maturity structure/Type of cover asset | C78: 0-<1 year | D78: >1- < 5 years | E78: > 5 years | F78: Total
B79: Exposures to/guaranteed by govenments etc. in EU | C79: 3.3162276 | F79: 3.3162276
B80: Exposures to/guaranteed by govenments etc. third countries | F80: 0
B81: Exposure to credit institute credit quality step 1 | C81: 6.3652037 | D81: 16.986533 | E81: 3.3880299 | F81: 26.739767
B82: Exposure to credit institute credit quality step 2 | F82: 0
B83: Total | C83: 9.6814313 | D83: 16.986533 | E83: 3.3880299 | F83: 30.055995
B85: Table G2.1d - Assets other than the loan portfolio in the cover pool
B86: Other assets, total (distributed pro rata after total assets in credit institution and cover pool)
B89: Table G2.1e - Derivatives at programme level (not subordinated / pari passu with covered bonds)
B90: 0-<1 year | C90: 0
B91: >1- < 5 years | C91: 0
B92: > 5 years | C92: 0
B93: Total | C93: 0
B95: Table G2.1f - Other Derivatives (subordinated)
B96: 0-<1 year | C96: 0
B97: >1- < 5 years | C97: 0
B98: > 5 years | C98: 0
B99: Total | C99: 0
B103: Table G2.2 – Interest and currency risk
B105: Total value of loans funded in cover pool | C105: 449
B106: Match funded (without interest and/or currency risk) | C106: 1
B107: Completely hedged with derivatives
B108: Un-hedged interest rate risk
B109: Un-hedged currency risk
B110: - Of which EUR
B111: - Of which DKK
B112: - Of which…
B115: Table G3 – Legal ALM (balance principle) adherence1
C116: Issue adherence
B117: General balance principle | C117: No
B119: Specific balance principle | C119: Yes
B120: 1) Cf. the Danish Executive Order on bond issuance, balance principle and risk management
B124: Table G4 – Additional characteristics of ALM business model for issued CBs
C125: Issue adherence
...

Sheet Table 1-3 - Lending
B4: Capital Centre T | K4: Reporting date | L4: 45382
B5: Property categories are defined according to Danish FSA's AS-reporting form
B7: Table M1/B1
B9: Number of loans by property category
C10: Owner-occupied homes | D10: Holiday houses | E10: Subsidised Housing | F10: Cooperative Housing | G10: Private rental | H10: Manufacturing and Manual Industries | I10: Office and Business | J10: Agriculture | K10: Social and cultural purposes | L10: Other | M10: Total
B11: Total | C11: 150004 | D11: 13253 | E11: 896 | F11: 970 | G11: 9522 | H11: 609 | I11: 4668 | J11: 8047 | K11: 402 | L11: 160 | M11: 188531
B12: In % | C12: 80 | D12: 7 | E12: 0 | F12: 1 | G12: 5 | H12: 0 | I12: 2 | J12: 4 | K12: 0 | L12: 0 | M12: 99
B14: Table M2/B2
B16: Lending by property category, DKKbn
C17: Owner-occupied homes | D17: Holiday houses | E17: Subsidised Housing | F17: Cooperative Housing | G17: Private rental | H17: Manufacturing and Manual Industries | I17: Office and Business | J17: Agriculture | K17: Social and cultural purposes | L17: Other | M17: Total
B18: Total | C18: 228.97 | D18: 12.03 | E18: 2.06 | F18: 6.64 | G18: 70.02 | H18: 16.54 | I18: 73.48 | J18: 31.71 | K18: 7.77 | L18: 0.27 | M18: 449.49
B19: In % | C19: 50.939954 | D19: 2.6763665 | E19: 0.45829718 | F19: 1.4772297 | G19: 15.577655 | H19: 3.6797259 | I19: 16.347416 | J19: 7.054662 | K19: 1.7286258 | L19: 0.060068077 | M19: 100
B21: Table M3/B3
B23: Lending, by loan size, DKKbn
C25: DKK 0 - 2m | D25: DKK 2 - 5m | E25: DKK 5 - 20m | F25: DKK 20 - 50m | G25: DKK 50 - 100m | H25: > DKK 100m | I25: Total
B26: Total | C26: 124.3 | D26: 117.5 | E26: 77.3 | F26: 32.1 | G26: 22.3 | H26: 76 | I26: 449.5
B27: In % | C27: 27.66 | D27: 26.14 | E27: 17.2 | F27: 7.13 | G27: 4.95 | H27: 16.91 | I27: 100
N29: To Contents

Sheet Table 4 - LTV
B5: Table M4a/B4a
B7: Lending, by-loan to-value (LTV), current property value, DKKbn
C8: DKKbn
C9: 0 - 19,9 | D9: 20 - 39,9 | E9: 40 - 59,9 | F9: 60 - 69,9 | G9: 70 - 79,9 | H9: 80 - 84,9 | I9: 85 - 89,9 | J9: 90 - 94,9 | K9: 95 - 100 | L9: > 100
B11: Owner-occupied homes | C11: 99.902187 | D11: 79.509769 | E11: 41.240636 | F11: 5.6017049 | G11: 2.1452019 | H11: 0.2345002 | I11: 0.093700082 | J11: 0.058800051 | K11: 0.039400034 | L11: 0.13960012
B12: Holiday houses | C12: 6.8609 | D12: 4.1021 | E12: 0.9613 | F12: 0.0757 | G12: 0.0174 | H12: 0.0018 | I12: 0.0013 | J12: 0.001 | K12: 0.0008 | L12: 0.007
B13: Subsidised Housing | C13: 1.2027 | D13: 0.373 | E13: 0.2277 | F13: 0.0529 | G13: 0.0321 | H13: 0.0135 | I13: 0.0158 | J13: 0.0143 | K13: 0.0283 | L13: 0.1002
B14: Cooperative Housing | C14: 3.4863 | D14: 1.9381 | E14: 0.881 | F14: 0.1832 | G14: 0.0793 | H14: 0.0235 | I14: 0.0159 | J14: 0.01 | K14: 0.0066 | L14: 0.0186
B15: Private rental | C15: 27.5288 | D15: 23.2952 | E15: 14.4256 | F15: 3.3321 | G15: 1.1115 | H15: 0.1748 | I15: 0.0778 | J15: 0.0251 | K15: 0.0115 | L15: 0.0386
B16: Manufacturing and Manual Industries | C16: 11.812459 | D16: 4.0260307 | E16: 0.5809225 | F16: 0.067511802 | G16: 0.030595988 | H16: 0.0044138474 | I16: 0.0044138474 | J16: 0.0044138474 | K16: 0.0044138474 | L16: 0.0079248624
B17: Office and Business | C17: 33.1054 | D17: 26.4496 | E17: 12.5539 | F17: 1.0054 | G17: 0.2543 | H17: 0.0395 | I17: 0.0166 | J17: 0.013 | K17: 0.0106 | L17: 0.0355
B18: Agricultutal properties | C18: 14.3128 | D18: 11.3893 | E18: 5.6063 | F18: 0.298 | G18: 0.0565 | H18: 0.014 | I18: 0.0084 | J18: 0.008 | K18: 0.007 | L18: 0.0147
B19: Properties for social and cultural purposes | C19: 4.8418 | D19: 1.8996 | E19: 0.9204 | F19: 0.064 | G19: 0.0096 | H19: 0.0046 | I19: 0.0045 | J19: 0.0045 | K19: 0.004 | L19: 0.0145
B20: Other | C20: 0.1507 | D20: 0.1129 | E20: 0.007 | F20: 0.0003 | G20: 0.0001 | H20: 0 | I20: 0 | J20: 0 | K20: 0 | L20: 0.0002
B22: Total | C22: 203.19045 | D22: 153.10064 | E22: 77.411872 | F22: 10.681838 | G22: 3.7369331 | H22: 0.51065918 | I22: 0.23842763 | J22: 0.13911612 | K22: 0.11261305 | L22: 0.37684367
B27: Table M4b/B4b
B29: Lending, by-loan to-value (LTV), current property value, per cent
C30: Per cent
C31: 0 - 19,9 | D31: 20 - 39,9 | E31: 40 - 59,9 | F31: 60 - 69,9 | G31: 70 - 79,9 | H31: 80 - 84,9 | I31: 85 - 89,9 | J31: 90 - 94,9 | K31: 95 - 100 | L31: > 100
B33: Owner-occupied homes | C33: 43.631983 | D33: 34.725655 | E33: 18.011725 | F33: 2.4465279 | G33: 0.93691053 | H33: 0.10241727 | I33: 0.040923232 | J33: 0.025680747 | K33: 0.017207848 | L33: 0.060969937
B34: Holiday houses | C34: 57.034906 | D34: 34.100904 | E34: 7.9913212 | F34: 0.6292968 | G34: 0.14464682 | H34: 0.014963464 | I34: 0.010806946 | J34: 0.0083130357 | K34: 0.0066504285 | L34: 0.05819125
B35: Subsidised Housing | C35: 58.369328 | D35: 18.102402 | E35: 11.050716 | F35: 2.567338 | G35: 1.5578743 | H35: 0.65518078 | I35: 0.76680417 | J35: 0.69400631 | K35: 1.373453 | L35: 4.8628974
B36: Cooperative Housing | C36: 52.484757 | D36: 29.177268 | E36: 13.263079 | F36: 2.7579977 | G36: 1.1938276 | H36: 0.35378246 | I36: 0.23936771 | J36: 0.15054573 | K36: 0.099360181 | L36: 0.28001505
B37: Private rental | C37: 39.315063 | D37: 33.268876 | E37: 20.601819 | F37: 4.7587152 | G37: 1.5873809 | H37: 0.24963939 | I37: 0.11110952 | J37: 0.035846389 | K37: 0.016423644 | L37: 0.055126319
B38: Manufacturing and Manual Industries | C38: 71.404143 | D38: 24.336616 | E38: 3.5115698 | F38: 0.40809644 | G38: 0.18494712 | H38: 0.026680896 | I38: 0.026680896 | J38: 0.026680896 | K38: 0.026680896 | L38: 0.047904337
B39: Office and Business | C39: 45.05129 | D39: 35.993784 | E39: 17.083901 | F39: 1.3681927 | G39: 0.34606267 | H39: 0.053753344 | I39: 0.022590013 | J39: 0.017690974 | K39: 0.014424948 | L39: 0.048309968
B40: Agricultutal properties | C40: 45.129434 | D40: 35.911398 | E40: 17.677124 | F40: 0.93961848 | G40: 0.17814914 | H40: 0.04414315 | I40: 0.02648589 | J40: 0.025224657 | K40: 0.022071575 | L40: 0.046350307
B41: Properties for social and cultural purposes | C41: 62.334084 | D41: 24.455745 | E41: 11.849372 | F41: 0.82394593 | G41: 0.12359189 | H41: 0.059221114 | I41: 0.057933698 | J41: 0.057933698 | K41: 0.051496621 | L41: 0.18667525
B42: Other | C42: 55.567847 | D42: 41.629794 | E42: 2.5811209 | F42: 0.11061947 | G42: 0.036873156 | H42: 0 | I42: 0 | J42: 0 | K42: 0 | L42: 0.073746313
B44: Total | C44: 45.20372 | D44: 34.060255 | E44: 17.221796 | F44: 2.3763854 | G44: 0.83135441 | H44: 0.1136062 | I44: 0.053042926 | J44: 0.030949123 | K44: 0.025052993 | L44: 0.083836302
B49: Table M4c/B4c
B51: Lending, by-loan to-value (LTV), current property value, DKKbn ("Sidste krone")
C52: DKKbn
C53: 0 - 19,9 | D53: 20 - 39,9 | E53: 40 - 59,9 | F53: 60 - 69,9 | G53: 70 - 79,9 | H53: 80 - 84,9 | I53: 85 - 89,9 | J53: 90 - 94,9 | K53: 95 - 100 | L53: > 100 | N53: Avg. LTV
B55: Owner-occupied homes | C55: 12.37 | D55: 54.05 | E55: 104.89 | F55: 33.49 | G55: 17.03 | H55: 4.98 | I55: 0.84 | J55: 0.42 | K55: 0.24 | L55: 0.66 | N55: 50.89
B56: Holiday houses | C56: 1.12 | D56: 5.77 | E56: 4.4 | F56: 0.45 | G56: 0.25 | H56: 0.01 | I56: 0 | J56: 0 | K56: 0 | L56: 0.02 | N56: 38.98
B57: Subsidised Housing | C57: 0.89 | D57: 0.32 | E57: 0.38 | F57: 0.12 | G57: 0.03 | H57: 0 | I57: 0 | J57: 0.03 | K57: 0 | L57: 0.29 | N57: 45.58
B58: Cooperative Housing | C58: 1.49 | D58: 2.02 | E58: 1.82 | F58: 0.65 | G58: 0.35 | H58: 0.07 | I58: 0.08 | J58: 0.06 | K58: 0 | L58: 0.09 | N58: 43.27
B59: Private rental | C59: 4.45 | D59: 16.29 | E59: 30.46 | F59: 10.48 | G59: 5.76 | H59: 1.35 | I59: 0.74 | J59: 0.25 | K59: 0.1 | L59: 0.15 | N59: 55.93
B60: Manufacturing and Manual Industries | C60: 8.32 | D60: 6.47 | E60: 1.17 | F60: 0.13 | G60: 0.31 | H60: 0 | I60: 0 | J60: 0 | K60: 0 | L60: 0.15 | N60: 30.43
B61: Office and Business | C61: 8.93 | D61: 26.16 | E61: 31.48 | F61: 5.36 | G61: 1.08 | H61: 0.23 | I61: 0.04 | J61: 0.04 | K61: 0.05 | L61: 0.1 | N61: 47.29
B62: Agricultutal properties | C62: 6.4 | D62: 11.86 | E62: 11.66 | F62: 1.4 | G62: 0.25 | H62: 0.01 | I62: 0.06 | J62: 0 | K62: 0.01 | L62: 0.06 | N62: 47.92
B63: Properties for social and cultural purposes | C63: 3.15 | D63: 2.1 | E63: 2.06 | F63: 0.36 | G63: 0.01 | H63: 0 | I63: 0 | J63: 0 | K63: 0.01 | L63: 0.06 | N63: 37.37
B64: Other | C64: 0.02 | D64: 0.1 | E64: 0.14 | F64: 0 | G64: 0 | H64: 0 | I64: 0 | J64: 0 | K64: 0 | L64: 0 | N64: 37.69
B66: Total | C66: 47.14 | D66: 125.14 | E66: 188.46 | F66: 52.44 | G66: 25.07 | H66: 6.65 | I66: 1.76 | J66: 0.8 | K66: 0.41 | L66: 1.58 | N66: 49.43
B71: Table M4d/B4d
B73: Lending, by-loan to-value (LTV), current property value, PER CENT ("Sidste krone")
C74: Per cent
C75: 0 - 19,9 | D75: 20 - 39,9 | E75: 40 - 59,9 | F75: 60 - 69,9 | G75: 70 - 79,9 | H75: 80 - 84,9 | I75: 85 - 89,9 | J75: 90 - 94,9 | K75: 95 - 100 | L75: > 100 | N75: Avg. LTV
B77: Owner-occupied homes | C77: 5.4024545 | D77: 23.605713 | E77: 45.809495 | F77: 14.62637 | G77: 7.4376556 | H77: 2.1749574 | I77: 0.36686029 | J77: 0.18343014 | K77: 0.10481722 | L77: 0.28824737
B78: Holiday houses | C78: 9.3100582 | D78: 47.963425 | E78: 36.575229 | F78: 3.7406484 | G78: 2.078138 | H78: 0.08312552 | I78: 0 | J78: 0 | K78: 0 | L78: 0.16625104
B79: Subsidised Housing | C79: 43.203883 | D79: 15.533981 | E79: 18.446602 | F79: 5.8252427 | G79: 1.4563107 | H79: 0 | I79: 0 | J79: 1.4563107 | K79: 0 | L79: 14.07767
B80: Cooperative Housing | C80: 22.439759 | D80: 30.421687 | E80: 27.409639 | F80: 9.7891566 | G80: 5.2710843 | H80: 1.0542169 | I80: 1.2048193 | J80: 0.90361446 | K80: 0 | L80: 1.3554217
B81: Private rental | C81: 6.355327 | D81: 23.264781 | E81: 43.501857 | F81: 14.967152 | G81: 8.2262211 | H81: 1.9280206 | I81: 1.0568409 | J81: 0.35704085 | K81: 0.14281634 | L81: 0.21422451
B82: Manufacturing and Manual Industries | C82: 50.302297 | D82: 39.117291 | E82: 7.0737606 | F82: 0.7859734 | G82: 1.8742443 | H82: 0 | I82: 0 | J82: 0 | K82: 0 | L82: 0.90689238
B83: Office and Business | C83: 12.152967 | D83: 35.601524 | E83: 42.84159 | F83: 7.2945019 | G83: 1.4697877 | H83: 0.31301034 | I83: 0.054436581 | J83: 0.054436581 | K83: 0.068045727 | L83: 0.13609145
B84: Agricultutal properties | C84: 20.182908 | D84: 37.401451 | E84: 36.770735 | F84: 4.415011 | G84: 0.78839483 | H84: 0.031535793 | I84: 0.18921476 | J84: 0 | K84: 0.031535793 | L84: 0.18921476
B85: Properties for social and cultural purposes | C85: 40.540541 | D85: 27.027027 | E85: 26.512227 | F85: 4.6332046 | G85: 0.12870013 | H85: 0 | I85: 0 | J85: 0 | K85: 0.12870013 | L85: 0.77220077
B86: Other | C86: 0.25740026 | D86: 37.037037 | E86: 51.851852 | F86: 0 | G86: 0 | H86: 0 | I86: 0 | J86: 0 | K86: 0 | L86: 0
B88: Total | C88: 10.487441 | D88: 27.840441 | E88: 41.927518 | F88: 11.666555 | G88: 5.5774322 | H88: 1.4794545 | I88: 0.39155487 | J88: 0.17797949 | K88: 0.091214488 | L88: 0.35150949
N94: To Contents

Sheet Table 5 - Region
B5: Table M5/B5 - Total
B7: Lending by region, DKKbn
C9: Greater Copenhagen area (Region Hovedstaden) | D9: Remaining Zealand & Bornholm (Region Sjælland) | E9: Northern Jutland (Region Nordjylland) | F9: Eastern Jutland (Region Midtjylland) | G9: Southern Jutland & Funen (Region Syddanmark) | H9: Outside Denmark | I9: Total
B11: Owner-occupied homes | C11: 131.24 | D11: 28.73 | E11: 7.94 | F11: 31.89 | G11: 29.17 | I11: 228.97
B12: Holiday houses | C12: 3.95 | D12: 2.89 | E12: 1.34 | F12: 1.73 | G12: 2.12 | I12: 12.03
B13: Subsidised Housing | C13: 0.63 | D13: 0.1 | E13: 0.22 | F13: 0.57 | G13: 0.54 | I13: 2.06
B14: Cooperative Housing | C14: 3.44 | D14: 0.5 | E14: 0.4 | F14: 1.34 | G14: 0.96 | I14: 6.64
B15: Private rental | C15: 32.85 | D15: 3.87 | E15: 4.17 | F15: 16.47 | G15: 9.49 | H15: 3.18 | I15: 70.03
B16: Manufacturing and Manual Industries | C16: 4.91 | D16: 0.81 | E16: 4.74 | F16: 2.46 | G16: 3.57 | H16: 0.05 | I16: 16.54
B17: Office and Business | C17: 37.47 | D17: 3.89 | E17: 1.62 | F17: 7.94 | G17: 9.09 | H17: 13.47 | I17: 73.48
B18: Agricultutal properties | C18: 2.9 | D18: 8.96 | E18: 3.33 | F18: 5.91 | G18: 10.62 | I18: 31.72
B19: Properties for social and cultural purposes | C19: 4.13 | D19: 0.37 | E19: 0.43 | F19: 1.52 | G19: 1.31 | I19: 7.76
B20: Other | C20: 0.19 | D20: 0.01 | E20: 0.03 | F20: 0.02 | G20: 0.02 | I20: 0.27
B22: Total | C22: 221.71 | D22: 50.13 | E22: 24.22 | F22: 69.85 | G22: 66.89 | H22: 16.7 | I22: 449.5
I25: To Contents

Sheet Table 6-8 - Lending by loan
B5: Table M6/B6
B6: Lending by loan type - IO Loans, DKKbn
C8: Owner-occupied homes | D8: Holiday houses | E8: Subsidised Housing | F8: Cooperative Housing | G8: Private rental | H8: Manufacturing and Manual Industries | I8: Office and Business | J8: Agriculture | K8: Social and cultural purposes | L8: Other | M8: Total
B9: Index Loans | C9: 0 | D9: 0 | E9: 0 | F9: 0 | G9: 0 | H9: 0 | I9: 0 | J9: 0 | K9: 0 | L9: 0 | M9: 0
B10: Fixed-rate to maturity | C10: 0.17 | D10: 0 | E10: 0 | F10: 0.06 | G10: 0.03 | H10: 0 | I10: 0 | J10: 0.04 | K10: 0 | L10: 0 | M10: 0.3
B11: Fixed-rate shorter period than maturity (ARM's etc.)
B12: - rate fixed ≤ 1 year | C12: 18.37 | D12: 0.69 | E12: 0 | F12: 0.13 | G12: 2.62 | H12: 0 | I12: 0.79 | J12: 3.7 | K12: 0.38 | L12: 0.01 | M12: 26.69
B13: - rate fixed > 1 and ≤ 3 years | C13: 18.68 | D13: 0.74 | E13: 0 | F13: 0.54 | G13: 4.56 | H13: 0.03 | I13: 1.48 | J13: 3.04 | K13: 0 | L13: 0.01 | M13: 29.08
B14: - rate fixed > 3 and ≤ 5 years | C14: 104.73 | D14: 4.71 | E14: 0.22 | F14: 1.5 | G14: 14.56 | H14: 0.38 | I14: 4.74 | J14: 7.02 | K14: 0.07 | L14: 0.03 | M14: 137.96
B15: - rate fixed > 5 years | C15: 3.66 | D15: 0.14 | E15: 0.02 | F15: 2.96 | G15: 6.85 | H15: 0 | I15: 0.99 | J15: 0.32 | K15: 0 | L15: 0 | M15: 14.94
B16: Money market based loans
B17: Non Capped floaters | C17: 19.02 | D17: 1 | E17: 0 | F17: 0.16 | G17: 22.96 | H17: 6.93 | I17: 33.45 | J17: 7.55 | K17: 3.27 | L17: 0.14 | M17: 94.48
B18: Capped floaters | C18: 0 | D18: 0 | E18: 0 | F18: 0 | G18: 0 | H18: 0 | I18: 0 | J18: 0 | K18: 0 | L18: 0 | M18: 0
B19: Other | C19: 0 | D19: 0 | E19: 0 | F19: 0 | G19: 0 | H19: 0 | I19: 0 | J19: 0 | K19: 0 | L19: 0 | M19: 0
B20: Total | C20: 164.63 | D20: 7.28 | E20: 0.24 | F20: 5.35 | G20: 51.58 | H20: 7.34 | I20: 41.45 | J20: 21.67 | K20: 3.72 | L20: 0.19 | M20: 303.45
B21: *Interest-only loans at time of compilation. Interest-only is typically limited to a maximum of 10 years
B25: Table M7/B7
B26: Lending by loan type - Repayment Loans / Amortizing Loans, DKKbn
C28: Owner-occupied homes | D28: Holiday houses | E28: Subsidised Housing | F28: Cooperative Housing | G28: Private rental | H28: Manufacturing and Manual Industries | I28: Office and Business | J28: Agriculture | K28: Social and cultural purposes | L28: Other | M28: Total
B29: Index Loans | C29: 0 | D29: 0 | E29: 0 | F29: 0 | G29: 0 | H29: 0 | I29: 0 | J29: 0 | K29: 0 | L29: 0 | M29: 0
B30: Fixed-rate to maturity | C30: 0.01 | D30: 0 | E30: 0 | F30: 0.01 | G30: 0 | H30: 0 | I30: 0 | J30: 0 | K30: 0 | L30: 0 | M30: 0.02
B31: Fixed-rate shorter period than maturity (ARM's etc.)
B32: - rate fixed ≤ 1 year | C32: 9.82 | D32: 0.77 | E32: 0.15 | F32: 0.09 | G32: 1.79 | H32: 0.28 | I32: 2.87 | J32: 2.57 | K32: 0.32 | L32: 0.02 | M32: 18.68
B33: - rate fixed > 1 and ≤ 3 years | C33: 10.84 | D33: 0.69 | E33: 0.15 | F33: 0.18 | G33: 1.59 | H33: 0.31 | I33: 1.75 | J33: 1.47 | K33: 0.28 | L33: 0.01 | M33: 17.27
B34: - rate fixed > 3 and ≤ 5 years | C34: 35.9 | D34: 2.63 | E34: 0.56 | F34: 0.64 | G34: 5.97 | H34: 0.57 | I34: 5.75 | J34: 2.4 | K34: 0.66 | L34: 0.01 | M34: 55.09
B35: - rate fixed > 5 years | C35: 0.73 | D35: 0.04 | E35: 0.83 | F35: 0.35 | G35: 1.41 | H35: 0.14 | I35: 1.12 | J35: 0.2 | K35: 0.05 | L35: 0 | M35: 4.87
B36: Money market based loans
B37: Non Capped floaters | C37: 7.03 | D37: 0.62 | E37: 0.13 | F37: 0.02 | G37: 7.69 | H37: 7.89 | I37: 20.54 | J37: 3.41 | K37: 2.74 | L37: 0.04 | M37: 50.11
B38: Capped floaters | C38: 0 | D38: 0 | E38: 0 | F38: 0 | G38: 0 | H38: 0 | I38: 0 | J38: 0 | K38: 0 | L38: 0 | M38: 0
B39: Other | C39: 0 | D39: 0 | E39: 0 | F39: 0 | G39: 0 | H39: 0 | I39: 0 | J39: 0 | K39: 0 | L39: 0 | M39: 0
B40: Total | C40: 64.33 | D40: 4.75 | E40: 1.82 | F40: 1.29 | G40: 18.45 | H40: 9.19 | I40: 32.03 | J40: 10.05 | K40: 4.05 | L40: 0.08 | M40: 146.04
B45: Table M8/B8
B46: Lending by loan type - All loans, DKKbn
C48: Owner-occupied homes | D48: Holiday houses | E48: Subsidised Housing | F48: Cooperative Housing | G48: Private rental | H48: Manufacturing and Manual Industries | I48: Office and Business | J48: Agriculture | K48: Social and cultural purposes | L48: Other | M48: Total
B49: Index Loans | C49: 0 | D49: 0 | E49: 0 | F49: 0 | G49: 0 | H49: 0 | I49: 0 | J49: 0 | K49: 0 | L49: 0 | M49: 0
B50: Fixed-rate to maturity | C50: 0.18 | D50: 0 | E50: 0 | F50: 0.07 | G50: 0.03 | H50: 0 | I50: 0 | J50: 0.04 | K50: 0 | L50: 0 | M50: 0.32
B51: Fixed-rate shorter period than maturity (ARM's etc.)
B52: - rate fixed ≤ 1 year | C52: 28.19 | D52: 1.46 | E52: 0.15 | F52: 0.22 | G52: 4.41 | H52: 0.28 | I52: 3.66 | J52: 6.27 | K52: 0.7 | L52: 0.03 | M52: 45.37
B53: - rate fixed > 1 and ≤ 3 years | C53: 29.52 | D53: 1.43 | E53: 0.15 | F53: 0.72 | G53: 6.15 | H53: 0.34 | I53: 3.23 | J53: 4.51 | K53: 0.28 | L53: 0.02 | M53: 46.35
B54: - rate fixed > 3 and ≤ 5 years | C54: 140.63 | D54: 7.34 | E54: 0.78 | F54: 2.14 | G54: 20.53 | H54: 0.95 | I54: 10.49 | J54: 9.42 | K54: 0.73 | L54: 0.04 | M54: 193.05
B55: - rate fixed > 5 years | C55: 4.39 | D55: 0.18 | E55: 0.85 | F55: 3.31 | G55: 8.26 | H55: 0.14 | I55: 2.11 | J55: 0.52 | K55: 0.05 | L55: 0 | M55: 19.81
B56: Money market based loans
B57: Non Capped floaters | C57: 26.05 | D57: 1.62 | E57: 0.13 | F57: 0.18 | G57: 30.65 | H57: 14.82 | I57: 53.99 | J57: 10.96 | K57: 6.01 | L57: 0.18 | M57: 144.59
B58: Capped floaters | C58: 0 | D58: 0 | E58: 0 | F58: 0 | G58: 0 | H58: 0 | I58: 0 | J58: 0 | K58: 0 | L58: 0 | M58: 0
B59: Other | C59: 0 | D59: 0 | E59: 0 | F59: 0 | G59: 0 | H59: 0 | I59: 0 | J59: 0 | K59: 0 | L59: 0 | M59: 0
B60: Total | C60: 228.96 | D60: 12.03 | E60: 2.06 | F60: 6.64 | G60: 70.03 | H60: 16.53 | I60: 73.48 | J60: 31.72 | K60: 7.77 | L60: 0.27 | M60: 449.49
N64: To Contents

Sheet Table 9-13 - Lending
B5: Table M9/B9
B6: Lending by Seasoning, DKKbn (Seasoning defined by duration of customer relationship)
C8: Owner-occupied homes | D8: Holiday houses | E8: Subsidised Housing | F8: Cooperative Housing | G8: Private rental | H8: Manufacturing and Manual Industries | I8: Office and Business | J8: Agriculture | K8: Social and cultural purposes | L8: Other | M8: Total
B9: < 12 months | C9: 19.25 | D9: 0.62 | E9: 0.18 | F9: 0.07 | G9: 12.2 | H9: 4.34 | I9: 6.01 | J9: 2.11 | K9: 0.63 | L9: 0.01 | M9: 45.42
B10: ≥ 12 - ≤ 24 months | C10: 10.93 | D10: 0.46 | E10: 0.13 | F10: 0.1 | G10: 7.26 | H10: 4.84 | I10: 2.07 | J10: 0.74 | K10: 0.1 | L10: 0 | M10: 26.63
B11: ≥ 24 - ≤ 36 months | C11: 8.82 | D11: 0.43 | E11: 0 | F11: 0.02 | G11: 4.3 | H11: 0.16 | I11: 2.9 | J11: 1.41 | K11: 0.15 | L11: 0.14 | M11: 18.33
B12: ≥ 36 - ≤ 60 months | C12: 17.97 | D12: 0.66 | E12: 0 | F12: 0.44 | G12: 10.9 | H12: 1.41 | I12: 9.72 | J12: 2.81 | K12: 0.38 | L12: 0 | M12: 44.29
B13: ≥ 60 months | C13: 172 | D13: 9.85 | E13: 1.75 | F13: 6.02 | G13: 35.37 | H13: 5.78 | I13: 52.8 | J13: 24.64 | K13: 6.5 | L13: 0.13 | M13: 314.84
B14: Total | C14: 228.97 | D14: 12.02 | E14: 2.06 | F14: 6.65 | G14: 70.03 | H14: 16.53 | I14: 73.5 | J14: 31.71 | K14: 7.76 | L14: 0.28 | M14: 449.51
B19: Table M10/B10
B20: Lending by remaining maturity, DKKbn
C22: Owner-occupied homes | D22: Holiday houses | E22: Subsidised Housing | F22: Cooperative Housing | G22: Private rental | H22: Manufacturing and Manual Industries | I22: Office and Business | J22: Agriculture | K22: Social and cultural purposes | L22: Other | M22: Total
B23: < 1 Years | C23: 0.234 | D23: 0.006 | E23: 0.014 | F23: 0.005 | G23: 0.821 | H23: 0.013 | I23: 0.306 | J23: 0.015 | K23: 0.015 | L23: 0 | M23: 1.429
B24: ≥ 1 - ≤ 3 Years | C24: 0.146 | D24: 0.01 | E24: 0.063 | F24: 0.002 | G24: 2.442 | H24: 0.129 | I24: 2.381 | J24: 0.011 | K24: 0.007 | L24: 0.129 | M24: 5.32
B25: ≥ 3 - ≤ 5 Years | C25: 0.372 | D25: 0.024 | E25: 0.145 | F25: 0.009 | G25: 4.169 | H25: 0.263 | I25: 2.088 | J25: 0.06 | K25: 0.05 | L25: 0 | M25: 7.18
B26: ≥ 5 - ≤ 10 Years | C26: 3.418 | D26: 0.272 | E26: 0.407 | F26: 0.05 | G26: 3.523 | H26: 4.389 | I26: 6.212 | J26: 0.405 | K26: 0.236 | L26: 0.003 | M26: 18.915
B27: ≥ 10 - ≤ 20 Years | C27: 39.509 | D27: 2.343 | E27: 0.7 | F27: 0.742 | G27: 6.287 | H27: 5.422 | I27: 43.684 | J27: 4.398 | K27: 1.692 | L27: 0.069 | M27: 104.846
B28: ≥ 20 Years | C28: 185.288 | D28: 9.376 | E28: 0.732 | F28: 5.835 | G28: 52.779 | H28: 6.327 | I28: 18.813 | J28: 26.826 | K28: 5.768 | L28: 0.07 | M28: 311.814
B29: Total | C29: 228.967 | D29: 12.031 | E29: 2.061 | F29: 6.643 | G29: 70.021 | H29: 16.543 | I29: 73.484 | J29: 31.715 | K29: 7.768 | L29: 0.271 | M29: 449.504
B34: Table M11/B11
B35: 90 day Non-performing loans by property type, as percentage of total payments, %
C37: Owner-occupied homes | D37: Holiday houses | E37: Subsidised Housing | F37: Cooperative Housing | G37: Private rental | H37: Manufacturing and Manual Industries | I37: Office and Business | J37: Agriculture | K37: Social and cultural purposes | L37: Other | M37: Total
B38: 90 day NPL | C38: 0.21397 | D38: 0.17369 | G38: 0.04277 | I38: 0.03883 | J38: 0.23082 | M38: 0.09159
B44: Table M11a/B11a
B45: 90 day Non-performing loans by property type, as percentage of lending, %
C47: Owner-occupied homes | D47: Holiday houses | E47: Subsidised Housing | F47: Cooperative Housing | G47: Private rental | H47: Manufacturing and Manual Industries | I47: Office and Business | J47: Agriculture | K47: Social and cultural purposes | L47: Other | M47: Total
B48: 90 day NPL | C48: 0.00063 | D48: 0.00059 | G48: 0.00032 | I48: 0.0006 | J48: 0.00223 | M48: 0.00064
B49: Note: Oustanding debt for loans in arrears as a share of outstanding loans for the property category in question.
B54: Table M11b/B11b
B55: 90 day Non-performing loans by property type, as percentage of lending, by continous LTV bracket, %
C57: Owner-occupied homes | D57: Holiday houses | E57: Subsidised Housing | F57: Cooperative Housing | G57: Private rental | H57: Manufacturing and Manual Industries | I57: Office and Business | J57: Agriculture | K57: Social and cultural purposes | L57: Other | M57: Total
B58: < 60per cent LTV | C58: 0 | D58: 0 | G58: 0 | I58: 0 | J58: 0 | M58: 0
B59: 60-69.9 per cent LTV | C59: 0 | G59: 0 | I59: 0 | J59: 0.01 | M59: 0
B60: 70-79.9 per cent LTV | C60: 0 | D60: 0 | G60: 0 | J60: 0.05 | M60: 0
B61: 80-89.9 per cent LTV | C61: 0 | G61: 0 | M61: 0
B62: 90-100 per cent LTV | C62: 0.02 | G62: 0 | I62: 0.1 | M62: 0.02
B63: >100 per cent LTV | C63: 0.03 | G63: 0.01 | I63: 0.01 | J63: 0.1 | M63: 0.02
B68: Table M12/B12
B69: Realised losses (DKKm)
C71: Owner-occupied homes | D71: Holiday houses | E71: Subsidised Housing | F71: Cooperative Housing | G71: Private rental | H71: Manufacturing and Manual Industries | I71: Office and Business | J71: Agriculture | K71: Social and cultural purposes | L71: Other | M71: Total
B72: Total realised losses | C72: 3.92 | D72: 0.02 | E72: 0 | F72: 0 | G72: 0.21 | H72: 0 | I72: 0 | J72: 0 | K72: 0 | L72: 1.72 | M72: 5.87
B77: Table M12a/B12a
B78: Realised losses (%)
C80: Owner-occupied homes | D80: Holiday houses | E80: Subsidised Housing | F80: Cooperative Housing | G80: Private rental | H80: Manufacturing and Manual Industries | I80: Office and Business | J80: Agriculture | K80: Social and cultural purposes | L80: Other | M80: Total
B81: Total realised losses, % | C81: 0 | D81: 0 | E81: 0 | F81: 0 | G81: 0 | H81: 0 | I81: 0 | J81: 0 | K81: 0 | L81: 0.64
N85: To Contents

Sheet G1. Crisis M Payment Holidays
A1: This addendum is optional
A2: G1. Crisis Mortgage Payment Holidays | F2: HTT 2024
B5: Reporting in Domestic Currency | C5: [Please insert currency] | E5: For further information concerning the nation-specific dispositions regarging the impact of the Covid 19 outbreak on cover pools, please refer to the: | G5: COVID-19: EMF-ECBC Response
B7: CONTENT OF Temporary Tab | E7: Optional further information at issuer/country level
B8: 1. Share of assets affected by payment holidays caused by COVID 19 | E8: [For completion]
B9: 2. Additional information on the cover pool section affected by payment holidays
E13: Can the COVID-19 related payment holiday loans remain part of the cover pool? | G13: [YES/NO] (cancel what is not relevant)
B15: 1. Share of cover assets affected at the time of reporting by payment holidays caused exclusively by COVID 19
B16: 1. Breakdown of payment holiday | C16: Nominal (mn) | D16: Number of loans | F16: % Nominal (mn) to total cover pool | G16: % No. of Loans to total cover pool
A17: COV.1.1.1 | B17: payment holiday granted | C17: ND2 | D17: ND2 | F17: =IF(OR('B1. HTT Mortgage Assets'!$C$15=0,C17="[For completion]"),"",C17/'B1. HTT Mortgage Assets'!$C$15) -> #VALUE! | G17: =IF(OR('B1. HTT Mortgage Assets'!$F$28=0,D17="[For completion]"),"",D17/'B1. HTT Mortgage Assets'!$F$28) -> #VALUE!
A18: OCOV.1.1.2
A19: OCOV.1.1.3
B20: 2. Additional information on the cover pool section affected by payment holidays
B21: 1. types of granted payment holiday (original duration) | C21: 1 month | D21: 2 months | E21: 3 months | F21: 4 to 6 months | G21: over 6 months | H21: total
B22: in % nominal (mn) of affected notional amount to total cover pool
A23: COV.2.1.1 | B23: principal & interest deferred | C23: ND2 | D23: ND2 | E23: ND2 | F23: ND2 | G23: ND2 | H23: =SUM(C23:G23) -> 0
A24: COV.2.1.2 | B24: principal deferred | C24: ND2 | D24: ND2 | E24: ND2 | F24: ND2 | G24: ND2 | H24: =SUM(C24:G24) -> 0
A25: COV.2.1.3 | B25: other | C25: ND2 | D25: ND2 | E25: ND2 | F25: ND2 | G25: ND2 | H25: =SUM(C25:G25) -> 0
A26: COV.2.1.4 | B26: Total payment holiday | C26: =SUM(C23:C25)+SUM(C27:C32) -> 0 | D26: =SUM(D23:D25)+SUM(D27:D32) -> 0 | E26: =SUM(E23:E25)+SUM(E27:E32) -> 0 | F26: =SUM(F23:F25)+SUM(F27:F32) -> 0 | G26: =SUM(G23:G25)+SUM(G27:G32) -> 0 | H26: =SUM(H23:H25) -> 0
A27: OCOV.2.1.5 | B27: [please insert here mortgages with extended moratoria] | H27: =IF(SUM(C27:G27)="","",SUM(C27:G27)) -> 0
A28: OCOV.2.1.6 | B28: [please insert here mortgages with extended moratoria] | H28: =IF(SUM(C28:G28)="","",SUM(C28:G28)) -> 0
A29: OCOV.2.1.7 | B29: [please insert here mortgages with extended moratoria] | H29: =IF(SUM(C29:G29)="","",SUM(C29:G29)) -> 0
A30: OCOV.2.1.8 | B30: [please insert here mortgages with extended moratoria] | H30: =IF(SUM(C30:G30)="","",SUM(C30:G30)) -> 0
A31: OCOV.2.1.9 | B31: [please insert here mortgages with extended moratoria]
A32: OCOV.2.1.10 | B32: [please insert here mortgages with extended moratoria]
